 Dungeon Crawl Stone Soup version 0.23-a0-644-gb60d84b635 (webtiles) character file.

1150625 Napalmbreeze the Bringer of Light (level 27, -4/245 (253) HPs)
             Began as a Gnoll Skald on Dec 30, 2018.
             Was the Champion of the Shining One.
             Killed from afar by a hellion (33 damage)
             ... with damnation
             ... in Pandemonium on Jan 1, 2019.
             The game lasted 08:01:58 (105123 turns).

Napalmbreeze the Bringer of Light (Gnoll Skald)   Turns: 105123, Time: 08:01:58

HP:   -4/245 (253)  AC: 48    Str: 29    XL:     27
MP:   51/51         EV: 25    Int: 15    God:    the Shining One [******]
Gold: 8736          SH: 23    Dex: 15    Spells: 12/74 levels left

rFire    + + +     SeeInvis +   a - +9 trishula (holy)
rCold    + + .     Gourm    .   W - +5 shield {reflect}
rNeg     + + +     Faith    .   X - +12 gold dragon scales
rPois    +         Spirit   .   P - +0 mask of the Dragon {MR+ Slay+3 SInv}
rElec    +         Reflect  +   B - +2 cloak
rCorr    .         Harm     .   r - +0 pair of gloves "Gujy" {+Fly rElec rF+++ Dex-2}
MR       +++..                  Z - +2 pair of boots {run}
Stlth    +.........             Y - amulet of Vitality {Regen+ HP+15}
HPRegen  0.90/turn              D - ring of the Suburbs {rPois EV+5 Str+4}
MPRegen  0.32/turn              R - ring "Veggetakk" {rElec rC+ rN+ SInv Stlth+}

@: glowing, deflect missiles, quick
A: distributed training, claws 2, fangs 2, talons 1, shaggy fur 1, strong nose
}: 9/15 runes: decaying, slimy, silver, iron, obsidian, icy, bone, abyssal,
gossamer
a: Divine Shield, Cleansing Flame, Summon Divine Warrior, Renounce Religion,
Evoke Flight


You were in Pandemonium.
You worshipped the Shining One.
The Shining One was exalted by your worship.
You were not hungry.

You visited 17 branches of the dungeon, and saw 84 of its levels.
You visited Pandemonium 1 time, and saw 3 of its levels.
You visited the Abyss 3 times.
You also visited: Ice Cave and Volcano.

You collected 12082 gold pieces.
You spent 3346 gold pieces at shops.

Inventory:

Hand Weapons
 a - a +9 trishula of holy wrath (weapon)
 y - a +9 eudemon blade of holy wrath
Missiles
 G - 5 javelins of penetration (quivered)
Armour
 r - the +0 pair of gloves "Gujy" (worn) {+Fly rElec rF+++ Dex-2}
   (You found it on level 4 of the Lair of Beasts)

   It affects your dexterity (-2).
   It renders you almost immune to fire.
   It insulates you from electricity.
   It lets you fly.
 B - a +2 cloak (worn)
 P - the +0 mask of the Dragon (worn) {MR+ Slay+3 SInv}
   (You found it on level 3 of the Elven Halls)

   It affects your accuracy and damage with ranged weapons and melee attacks
   (+3).
   It affects your resistance to hostile enchantments.
   It lets you see invisible.
 W - a +5 shield of reflection (worn)
 X - +12 gold dragon scales (worn)
 Z - a +2 pair of boots of running (worn)
Magical Staves
 J - an uncursed staff of energy
Jewellery
 D - the ring of the Suburbs (left hand) {rPois EV+5 Str+4}
   (You found it on level 7 of the Iron City of Dis)

   [ring of evasion]

   It affects your evasion (+5).
   It affects your strength (+4).
   It protects you from poison.
 M - an uncursed ring of resist corrosion
 N - an uncursed ring of protection from cold
 R - the ring "Veggetakk" (right hand) {rElec rC+ rN+ SInv Stlth+}
   (You found it on level 3 of the Vaults)

   [ring of see invisible]

   It protects you from cold.
   It insulates you from electricity.
   It protects you from negative energy.
   It lets you see invisible.
   It makes you more stealthy.
 Y - the amulet of Vitality (around neck) {Regen+ HP+15}
   (You found it on level 5 of the Pits of Slime)

   [amulet of regeneration]

   It affects your health (+15).
   It increases your rate of regeneration.
Wands
 z - a wand of scattershot (11)
 F - a wand of acid (7)
 I - a wand of disintegration (28)
 L - a wand of digging (8)
Scrolls
 b - 2 scrolls of immolation
 c - 4 scrolls of holy word
 g - 5 scrolls of silence
 i - 5 scrolls of summoning
 l - 20 scrolls of teleportation
 n - 4 scrolls of brand weapon
 o - 13 scrolls of fear
 q - 17 scrolls of magic mapping
 s - a scroll of enchant weapon
 u - 38 scrolls of remove curse
 x - 8 scrolls of fog
 A - 3 scrolls of enchant armour
 E - 5 scrolls of blinking
 H - 2 scrolls of identify
Potions
 e - a potion of agility
 f - 6 potions of resistance
 h - 7 potions of cancellation
 k - 7 potions of brilliance
 m - 9 potions of haste
 p - 5 potions of heal wounds
 t - 4 potions of mutation
 v - 5 potions of might
 w - a potion of ambrosia
 K - 10 potions of curing
 Q - 3 potions of magic
Miscellaneous
 j - 5 boxes of beasts
 S - a phantom mirror
 T - a lamp of fire
Comestibles
 d - 56 rations


   Skills:
 + Level 24.3 Fighting
 + Level 24.0 Short Blades
 + Level 24.0 Long Blades
 + Level 24.0 Axes
 + Level 24.0 Maces & Flails
 + Level 24.3 Polearms
 + Level 24.0 Staves
 + Level 24.0 Slings
 + Level 24.0 Bows
 + Level 24.0 Crossbows
 + Level 24.0 Throwing
 + Level 24.1 Armour
 + Level 24.3 Dodging
 + Level 24.0 Stealth
 + Level 24.0 Shields
 + Level 24.0 Unarmed Combat
 + Level 24.3 Spellcasting
 + Level 20.9 Conjurations
 + Level 20.9 Hexes
 + Level 21.4 Charms
 + Level 20.9 Summonings
 + Level 20.9 Necromancy
 + Level 20.9 Translocations
 + Level 20.9 Transmutations
 + Level 20.9 Fire Magic
 + Level 20.9 Ice Magic
 + Level 20.9 Air Magic
 + Level 20.9 Earth Magic
 + Level 20.9 Poison Magic
 + Level 25.7 Invocations
 + Level 24.0 Evocations


You had 12 spell levels left.
You knew the following spells:

 Your Spells              Type           Power        Failure   Level  Hunger
a - Infusion              Chrm           ####         0%          1    None
b - Controlled Blink      Tloc           N/A          21%         8    #######
c - Deflect Missiles      Chrm/Air       ######....   1%          6    ####...
d - Conjure Flame         Conj/Fire      ######..     0%          3    None
e - Summon Mana Viper     Hex/Summ       ######..     1%          5    ##.....
f - Silence               Hex/Air        ######....   1%          5    ##.....
g - Aura of Abjuration    Summ           ######....   1%          5    ##.....
i - Regeneration          Chrm/Necr      ######....   0%          3    None
q - Song of Slaying       Chrm           ######..     0%          2    None
s - Spectral Weapon       Hex/Chrm       ######..     0%          3    None
t - Bolt of Fire          Conj/Fire      ######....   1%          6    ####...
v - Ignition              Fire           ######....   21%         8    #######
w - Olgreb's Toxic Radia  Pois           ######..     1%          4    None
x - Tukima's Dance        Hex            ######..     0%          3    None

Your spell library contained the following spells:

 Spells                   Type           Power        Failure   Level  Hunger
 Apportation              Tloc           ######       0%          1    None
 Beastly Appendage        Tmut           ######       0%          1    None
 Confusing Touch          Hex            ######       0%          1    None
 Corona                   Hex            ######.      0%          1    None
 Flame Tongue             Conj/Fire      #####        0%          1    None
 Freeze                   Ice            ####         0%          1    None
 Magic Dart               Conj           ####         0%          1    None
 Pain                     Necr           ####         0%          1    None
 Sandblast                Erth           ######       0%          1    None
 Shock                    Conj/Air       ####         0%          1    None
 Sting                    Conj/Pois      ####         0%          1    None
 Summon Butterflies       Summ           ######..     0%          1    None
 Summon Small Mammal      Summ           ####         0%          1    None
 Blink                    Tloc           N/A          0%          2    None
 Call Imp                 Summ           ######..     0%          2    None
 Corpse Rot               Necr           N/A          0%          2    None
 Ensorcelled Hibernation  Hex/Ice        ######       0%          2    None
 Passwall                 Tmut/Erth      ######..     0%          2    None
 Poisonous Vapours        Pois/Air       ######       0%          2    None
 Searing Ray              Conj           ######       0%          2    None
 Shroud of Golubria       Chrm/Tloc      ######....   0%          2    None
 Slow                     Hex            ######..     0%          2    None
 Sticks to Snakes         Tmut           ######..     0%          2    None
 Sublimation of Blood     Necr           ######....   0%          2    None
 Swiftness                Chrm/Air       ######..     0%          2    None
 Throw Flame              Conj/Fire      ######       0%          2    None
 Throw Frost              Conj/Ice       ######       0%          2    None
 Call Canine Familiar     Summ           ######..     0%          3    None
 Confuse                  Hex            ######..     0%          3    None
 Dazzling Spray           Conj/Hex       ######       0%          3    None
 Gell's Gravitas          Tloc           ######....   0%          3    None
 Ignite Poison            Fire/Tmut/Pois ######..     0%          3    None
 Inner Flame              Hex/Fire       ######..     0%          3    None
 Lesser Beckoning         Tloc           ######....   0%          3    None
 Mephitic Cloud           Conj/Pois/Air  ######..     0%          3    None
 Ozocubu's Armour         Chrm/Ice       ######..     0%          3    None
 Portal Projectile        Hex/Tloc       ######       0%          3    None
 Recall                   Summ/Tloc      N/A          0%          3    None
 Spider Form              Tmut/Pois      ######....   0%          3    None
 Static Discharge         Conj/Air       ######..     0%          3    None
 Stone Arrow              Conj/Erth      ######       0%          3    None
 Teleport Other           Tloc           ######..     0%          3    None
 Airstrike                Air            ######....   1%          4    None
 Cause Fear               Hex            ######....   1%          4    None
 Force Lance              Conj/Tloc      ######..     1%          4    None
 Fulminant Prism          Conj/Hex       ######....   1%          4    None
 Ice Form                 Ice/Tmut       ######..     1%          4    None
 Iskenderun's Mystic Bla  Conj           ######..     1%          4    None
 Leda's Liquefaction      Hex/Erth       ######....   1%          4    None
 Passage of Golubria      Tloc           N/A          1%          4    None
 Petrify                  Tmut/Erth      ######..     1%          4    None
 Sticky Flame             Conj/Fire      ######..     1%          4    None
 Summon Ice Beast         Ice/Summ       ######..     1%          4    None
 Summon Lightning Spire   Summ/Air       ######..     1%          4    None
 Throw Icicle             Conj/Ice       ######..     1%          4    None
 Alistair's Intoxication  Tmut/Pois      ######..     1%          5    ##.....
 Blade Hands              Tmut           ######....   1%          5    ##.....
 Bolt of Magma            Conj/Fire/Erth ######....   1%          5    ##.....
 Borgnjor's Vile Clutch   Necr/Erth      ######....   1%          5    ##.....
 Fireball                 Conj/Fire      ######....   1%          5    ##.....
 Irradiate                Conj/Tmut      ######....   1%          5    ##.....
 Lee's Rapid Deconstruct  Erth           ######....   1%          5    ##.....
 Lightning Bolt           Conj/Air       ######....   1%          5    ##.....
 Metabolic Englaciation   Hex/Ice        ######....   1%          5    ##.....
 Summon Demon             Summ           ######....   1%          5    ##.....
 Summon Forest            Summ/Tloc      ######....   1%          5    ##.....
 Venom Bolt               Conj/Pois      ######....   1%          5    ##.....
 Yara's Violent Unravell  Hex/Tmut       ######....   1%          5    ##.....
 Bolt of Cold             Conj/Ice       ######....   1%          6    ####...
 Conjure Ball Lightning   Conj/Air       ######....   1%          6    ####...
 Darkness                 Hex            ######....   1%          6    ####...
 Dispersal                Tloc           ######....   1%          6    ####...
 Freezing Cloud           Conj/Ice/Air   ######....   1%          6    ####...
 Hydra Form               Tmut           ######....   1%          6    ####...
 Invisibility             Hex            ######..     1%          6    ####...
 Iron Shot                Conj/Erth      ######....   1%          6    ####...
 Ozocubu's Refrigeration  Ice            ######....   1%          6    ####...
 Shadow Creatures         Summ           N/A          1%          6    ####...
 Simulacrum               Ice/Necr       ######....   1%          6    ####...
 Statue Form              Tmut/Erth      ######...    1%          6    ####...
 Dragon Form              Tmut           ######....   2%          7    ######.
 Malign Gateway           Summ/Tloc      ######....   2%          7    ######.
 Monstrous Menagerie      Summ           ######....   2%          7    ######.
 Ring of Flames           Chrm/Fire      ######....   2%          7    ######.
 Summon Greater Demon     Summ           ######....   2%          7    ######.
 Summon Hydra             Summ           ######....   2%          7    ######.
 Disjunction              Tloc           ######....   21%         8    #######
 Summon Horrible Things   Summ           ######....   21%         8    #######
 Dragon's Call            Summ           ######....   97%         9    #######
 Shatter                  Erth           ######....   97%         9    #######
 Tornado                  Air            ######....   97%         9    #######


Dungeon Overview and Level Annotations

Branches:
Dungeon (15/15)            Temple (1/1) D:5            Lair (6/6) D:9
  Swamp (4/4) Lair:4       Spider (4/4) Lair:4        Slime (5/5) Lair:5
    Orc (2/2) D:10            Elf (3/3) Orc:2        Vaults (5/5) D:14
  Crypt (3/3) Vaults:3       Tomb (0/3) Crypt:3      Depths (5/5) D:15
   Hell (1/1)                 Dis (7/7) Hell            Geh (7/7) Hell
    Coc (7/7) Hell            Tar (7/7) Hell            Zot (2/5) Depths:5

Altars:
Ashenzari
Cheibriados
Dithmenos
Gozag
Hepliaklqana
Kikubaaqudgha
Nemelex Xobeh
Okawaru
Qazlal
Sif Muna
Trog
Xom
Yredelemnul
Zin
The Shining One
Lugonu

Shops:
D:4 (   D:10 ?   Orc:2 }?[*

Portals:
Hell: Depths:1 Depths:2 Depths:3 Depths:4 Depths:5
Abyss: Depths:2 Depths:4
Pandemonium: Orc:2 Depths:3
Ziggurat: Depths:5

Annotations:
D:5 3 runed doors, HereIgoKillingAgain's ghost, novice MfGl
D:15 exclusion: Roxanne, Roxanne
Lair:5 Rupert
Orc:1 1 runed door, HereIgoKillingAgain's ghost, journeyman DEFE


Innate Abilities, Weirdness & Mutations

Your experience applies equally to all skills.
You have extremely sharp teeth.
Your uncanny sense of smell can sniff out nearby items.
You have very sharp fingernails.
You have sharp toenails.
You are covered in fur. (AC +1)


Message History

You hear a low.
You impale the ynoxinul!!
You kill the ynoxinul!
The Shining One accepts your kill.
You feel better.
Unknown command.
The hellion gestures at you.
The sphere of damnation explodes!
The damnation engulfs you!
* * * LOW HITPOINT WARNING * * *
The hellion gestures at you.
The sphere of damnation explodes!
The damnation engulfs you!
* * * LOW HITPOINT WARNING * * *
The damnation engulfs the hellion.
The hellion completely resists.
Unknown command.
You spit the hellion like a pig!!!
You kill the hellion!
The Shining One accepts your kill. The hellion gestures at you.
The sphere of damnation explodes!
The damnation engulfs you!
You die...

...# #...............
...# #...............
...# #...####...####
...####).)####...#
.......).)##.....#
.)......).##.....####
....|..)..##.)........
...####...##[########.
...# #...##....@..#
...# #...##.######2#
...# #...##.# ∆ ...#
#...##.# ...# #...##.#
...# #...##.# ...#
#...##.# ...# #...##.
...# #...#


You could see a hellion.

Vanquished Creatures
  Antaeus (Coc:7)
  Asmodeus (Geh:7)
  the Royal Jelly (Slime:5)
  the Serpent of Hell (Coc:7)
  Dispater (Dis:7)
  Mara (Crypt:3)
  5 ancient liches
  A juggernaut (Depths:4)
  Bai Suzhen (Crypt:3)
  Frederick (Vaults:4)
  21 shard shrikes
  Boris (Depths:3)
  the Lernaean hydra (Swamp:4)
  Margery (Crypt:2)
  Xtahua (Crypt:2)
  Geryon (Hell)
  3 golden dragons
  Nikola (Depths:3)
  20 bone dragons
  Arachne (Spider:3)
  A profane servitor (Abyss:5)
  15 doom hounds
  40 Tzitzimimeh
  32 Brimstone Fiends
  10 tentacled monstrosities
  21 liches
  5 iron giants
  8 Hell Sentinels
  13 titans
  16 Ice Fiends
  The ghost of Jihew the Brawler, an adept TrCK of Xom (Elf:1)
  4 deep elf blademasters
  Murray (Hell)
  The ghost of Yshyohokh the Imperceptible, an adept SpEn of Dithmenos (Depths:5)
  7 deep elf master archers
  5 quicksilver dragons
  7 Executioners
  9 eldritch tentacles
  Frances (Swamp:1)
  26 acid blobs
  5 sphinxes
  A kraken (Abyss:5)
  25 tentacled starspawn
  A sphinx (shapeshifter) (Vaults:5)
  A death cob (Zot:1)
  Agnes (Elf:2)
  Donald (Crypt:1)
  A pandemonium lord (Pan)
  5 storm dragons
  21 ancient champions
  4 draconian monks
  4 tengu reavers
  3 thorn hunters
  18 shadow dragons
  14 azure jellies
  2 revenants
  19 frost giants
  21 fire giants
  A daeva (Abyss:5)
  18 balrugs
  4 cacodemons
  9 iron dragons
  2 draconian knights (Zot:1)
  10 emperor scorpions
  An orc warlord (Elf:1)
  11 deep elf sorcerers
  4 draconian scorchers (Zot:1)
  Louise (Swamp:1)
  20 vault wardens
  A juggernaut zombie (Crypt:1)
  3 ghost moths
  2 curse skulls
  4 deep elf elementalists
  6 draconian shifters
  The ghost of Ixziecs the Basher, a journeyman GrEE of Kikubaaqudgha (Swamp:1)
  120 reapers
  6 elemental wellsprings
  4 spriggan defenders
  20 ironheart preservers
  18 war gargoyles
  A draconian stormcaller (Abyss:1)
  A juggernaut skeleton (Depths:1)
  4 blood saints (Pan)
  9 ghouls
  36 stone giants
  Azrael (D:14)
  4 corrupters (Pan)
  9 entropy weavers
  45 very ugly things
  3 black suns (Pan)
  8 green draconians
  13 vampire knights
  7 black draconians
  10 deep elf demonologists
  14 red draconians
  3 spark wasps (Depths:2)
  4 lorocyprocas
  5 white draconians
  7 purple draconians
  9 yellow draconians
  A spark wasp (shapeshifter) (Vaults:5)
  9 deep elf annihilators
  2 minotaurs (Elf:1)
  3 crystal guardians
  17 ettins
  8 jiangshi
  11 deep elf death magi
  Snorg (D:10)
  4 green deaths
  3 merfolk javelineers
  3 eidola
  3 merfolk impalers
  7 death oozes
  17 blizzard demons
  5 quicksilver dragon zombies
  11 fire dragons
  A kraken zombie (Coc:1)
  6 deep elf high priests
  The ghost of Allula97 the Archer, a journeyman CeHu of Okawaru (Lair:3)
  Harold (D:7)
  20 yaktaur captains
  16 great orbs of eyes
  6 rakshasas
  29 vault guards
  17 hydras
  8 quicksilver dragon skeletons
  2 monstrous demonspawn (Pan)
  A naga warrior (Elf:1)
  A catoblepas (Lair:5)
  3 hell beasts
  31 ice dragons
  4 ghost crabs
  2 shambling mangroves
  9 spriggan air magi
  14 centaur warriors
  2 death knights
  11 alligators
  2 death yaks
  10 deep troll shamans
  17 deep troll earth magi
  8 vampire magi
  40 thrashing horrors
  8 tengu warriors
  13 ogre magi
  30 dancing weapons
  33 two-headed ogres
  7 orc high priests
  59 hell hogs
  18 titan zombies
  26 sun demons
  7 spriggan berserkers
  11 storm dragon zombies
  35 deep elf knights
  A fire crab (Geh:5)
  24 wretched stars
  5 shadow wraiths
  18 soul eaters
  11 spatial maelstroms
  7 iron trolls (Dis:3)
  19 iron golems
  8 sixfirhies
  3 storm dragon skeletons
  3 death drakes
  2 torturous demonspawn (Pan)
  3 titan skeletons
  3 unseen horrors
  112 hell knights
  262 skeletal warriors
  7 spriggan druids
  A glowing orange brain (shapeshifter) (Vaults:5)
  36 deep trolls
  A deep troll (shapeshifter) (Vaults:5)
  26 shadow demons
  8 golden dragon zombies
  7 gelid demonspawn
  99 starcursed masses
  An infernal demonspawn (Pan)
  12 anaconda skeletons
  33 flayed ghosts
  30 deep elf archers
  27 anaconda zombies
  2 ghost moth zombies
  14 swamp dragons
  2 swamp dragons (shapeshifter)
  6 glowing orange brains
  19 ironbrand convokers
  10 wizards
  16 orc knights
  A harpy (shapeshifter) (Vaults:2)
  12 iron dragon zombies
  62 large abominations
  41 phantasmal warriors
  9 orc sorcerers
  78 deep elf magi
  5 wolf spider zombies
  5 shadow dragon skeletons
  Pikel (D:5)
  2 golden dragon skeletons
  24 wolf spiders
  29 necromancers
  11 shadow dragon zombies
  A shining eye (shapeshifter) (Depths:2)
  8 stone giant zombies
  7 cyclopes
  A sphinx zombie (Vaults:3)
  18 fire giant zombies
  14 frost giant zombies
  16 orb spiders
  9 shining eyes
  A manticore (shapeshifter) (Depths:5)
  3 manticores
  64 ugly things
  4 iron dragon skeletons
  8 worldbinders
  An elephant (shapeshifter) (Vaults:3)
  4 centaur zombies
  Maurice (D:8)
  10 molten gargoyles
  7 fire giant skeletons
  12 moths of wrath
  2 shock serpent zombies
  2 apocalypse crabs
  4 eyes of devastation
  2 guardian serpents
  9 frost giant skeletons
  8 black mambas
  32 smoke demons
  50 rust devils
  17 stone giant skeletons
  9 dire elephant zombies
  A water nymph (shapeshifter) (Vaults:2)
  13 vault sentinels
  2 shock serpent skeletons
  Psyche (D:12)
  A titan simulacrum (Coc:2)
  6 ice statues
  3 torpor snails
  22 spiny frogs
  9 gargoyles
  2 white draconian zombies
  6 orange demons
  49 hellions
  5 centaur skeletons
  A rime drake (Lair:5)
  5 anaconda simulacra
  3 human zombies
  A rime drake (shapeshifter) (Vaults:5)
  66 yaktaurs
  7 dire elephant skeletons
  68 tormentors
  2 catoblepas zombies
  6 komodo dragons
  5 emperor scorpion zombies
  11 efreet
  80 freezing wraiths
  17 demonic crawlers
  8 hellwings
  5 catoblepas skeletons
  A guardian mummy (Crypt:3)
  7 silent spectres
  A yaktaur (shapeshifter) (D:15)
  14 ancient zymes
  7 harpy zombies
  A white draconian skeleton (Crypt:1)
  38 small abominations
  A merfolk (shapeshifter) (Depths:3)
  93 ice devils
  A pale draconian skeleton (Crypt:1)
  31 hydra zombies
  14 trolls
  A meliai (shapeshifter) (D:15)
  16 jumping spiders
  A green draconian skeleton (Coc:7)
  22 hornets
  9 meliai
  A queen bee (D:14)
  53 red devils
  A wolf spider simulacrum (Coc:7)
  4 polar bears
  A troll (shapeshifter) (Vaults:3)
  A tengu simulacrum (Vaults:3)
  9 ettin zombies
  20 tyrant leeches
  11 hydra skeletons
  A raiju (shapeshifter) (Depths:2)
  128 slime creatures
  31 blink frogs
  7 harpy skeletons
  10 bog bodies
  13 hippogriffs
  A wind drake (shapeshifter) (Abyss:5)
  Prince Ribbit (D:8)
  7 dream sheep (Lair:4)
  An iron dragon simulacrum (Coc:3)
  15 fire dragon zombies
  60 raiju
  13 alligator zombies
  9 ice dragon zombies
  A spriggan (shapeshifter) (D:15)
  8 ice dragon skeletons
  177 flying skulls
  A vampire (D:11)
  36 water elementals
  21 tarantellas
  6 black mamba zombies
  88 redbacks
  3 air elementals
  A shock serpent simulacrum (Coc:7)
  19 ynoxinuls
  23 yaks
  30 spriggans
  A hog (D:14)
  75 shadows
  2 tarantellas (shapeshifter)
  8 alligator skeletons
  11 fire dragon skeletons
  32 fire elementals
  A wind drake zombie (Crypt:2)
  14 ettin skeletons
  63 wraiths
  2 basilisks
  10 humans (D:14)
  2 ushabtiu (Crypt:3)
  4 fire bats
  2 golden eyes (shapeshifter)
  8 golden eyes
  A human (shapeshifter) (Vaults:2)
  2 black mamba skeletons
  14 wyverns
  Grum (D:10)
  15 neqoxecs
  14 hungry ghosts
  An elf simulacrum (Depths:1)
  A steam dragon (D:9)
  11 chaos spawn
  Edmund (D:4)
  2 two-headed ogre zombies (D:10)
  22 vampire mosquitoes
  A harpy simulacrum (Abyss:4)
  A warg (Orc:2)
  10 insubstantial wisps (Abyss:2)
  12 swamp worms
  3 acid dragons
  20 spatial vortices
  21 spiny frog zombies
  21 water moccasins
  3 hydra simulacra
  114 hell hounds
  A two-headed ogre skeleton (Crypt:1)
  10 porcupines
  4 merfolk skeletons
  5 floating eyes
  14 swamp drakes
  5 sky beasts
  8 manticore zombies
  3 elf zombies
  A slave (D:5)
  An eye of draining (shapeshifter) (Depths:1)
  An alligator simulacrum (Tar:6)
  18 ice beasts
  50 orc warriors
  5 black bears
  11 eyes of draining
  18 phantoms
  11 spiny frog skeletons
  2 black bears (shapeshifter)
  42 ogres
  42 necrophages
  5 swamp dragon zombies
  A tengu (shapeshifter) (Depths:1)
  8 wolves
  12 snapping turtle zombies
  5 boggarts
  3 manticore skeletons
  8 snapping turtle skeletons
  A wolf (shapeshifter) (Vaults:4)
  30 centaurs
  15 crocodiles
  14 big kobolds
  6 swamp dragon skeletons
  A draconian zombie (Crypt:1)
  26 bullfrogs
  2 earth elementals
  4 elf skeletons
  A wyvern zombie (D:13)
  A gnoll sergeant (D:9)
  4 human skeletons
  A glowing shapeshifter simulacrum (Vaults:3)
  An ogre simulacrum (Vaults:1)
  4 spiny frog simulacra
  2 wyvern skeletons
  A scorpion (D:6)
  2 troll zombies (D:10)
  34 killer bees
  A manticore simulacrum (Coc:6)
  2 spriggan skeletons
  2 troll skeletons
  181 wights
  A howler monkey (D:4)
  A wolf skeleton (Crypt:1)
  20 crimson imps
  2 human simulacra
  3 quasits
  A black bear zombie (Crypt:2)
  2 bullfrog zombies
  5 jellies
  11 hounds
  3 bullfrog skeletons
  39 orc priests
  53 iron imps
  29 orc wizards
  5 iguanas
  A soldier ant zombie (Crypt:1)
  15 hell rats
  11 worker ants
  A centaur simulacrum (Tar:3)
  2 naga zombies
  4 ogre zombies (D:10)
  A hound zombie (D:11)
  A naga skeleton (Volcano)
  An ogre skeleton (Geh:1)
  A tengu skeleton (Crypt:2)
  17 mummies
  7 gnolls
  7 adders
  4 river rats (Lair:5)
  24 shadow imps
  35 white imps
  3 ufetubi
  4 oozes (Lair:5)
  2 adder skeletons
  2 worms (D:3)
  A barachi zombie (Crypt:2)
  6 dart slugs
  6 leopard geckos
  112 orcs
  2 ball pythons
  4 giant cockroaches
  4 goblins
  11 hobgoblins
  10 jackals
  19 kobolds
  2 quokkas
  5 bats
  7 frilled lizards
  2 goblin skeletons (D:10)
  2 goblin zombies (D:10)
  A hobgoblin skeleton (D:10)
  2 hobgoblin zombies
  A kobold zombie (Tar:5)
  A leopard gecko zombie (Crypt:2)
  9 orc skeletons
  17 orc zombies
  A quokka skeleton (D:4)
  9 rats
  A briar patch (Swamp:3)
  A crawling corpse (Crypt:2)
  2 fire vortices (Geh:1)
  2 lurking horrors
  2 plants
  23 starspawn tentacles
  7 tentacles
  A withered plant (Crypt:3)
6172 creatures vanquished.

Vanquished Creatures (collateral kills)
  Ereshkigal (Tar:7)
  A Tzitzimitl (Pan)
  A Brimstone Fiend (Dis:7)
  A quicksilver dragon (Dis:3)
  A shadow dragon (Tar:7)
  A draconian stormcaller (Zot:1)
  A draconian shifter (Zot:1)
  A purple draconian (Zot:1)
  A blizzard demon (Coc:7)
  A two-headed ogre (D:9)
  A large abomination (Abyss:5)
  A titan skeleton (Tar:7)
  A skeletal warrior (Coc:7)
  A storm dragon skeleton (Coc:7)
  A glowing orange brain (Abyss:5)
  4 starcursed masses
  2 shining eyes (Slime:5)
  A moth of wrath (Zot:1)
  An apocalypse crab (Abyss:5)
  An ice statue (Coc:7)
  An orange demon (Pan)
  An ice devil (Hell)
  A hydra zombie (Tar:7)
  A harpy zombie (Coc:7)
  6 slime creatures (Slime:5)
  2 water elementals (Coc:7)
  A flying skull (Coc:7)
  An ice dragon skeleton (Coc:7)
  A spiny frog skeleton (Coc:7)
  An eye of draining (Abyss:5)
  2 white imps (Coc:7)
42 creatures vanquished.

Vanquished Creatures (others)
  3 deep elf master archers
  A titan (Abyss:2)
  2 eldritch tentacles
  A fire giant (Crypt:1)
  A vault warden (Vaults:2)
  2 elemental wellsprings
  A stone giant (Crypt:2)
  A deep elf death mage (Elf:3)
  A vault guard (Vaults:5)
  A merfolk avatar (Abyss:5)
  A spriggan berserker (Depths:3)
  A hell hog (Geh:5)
  A deep elf knight (Abyss:1)
  A skeletal warrior (Coc:7)
  2 deep elf archers (Abyss:2)
  An anaconda skeleton (Geh:5)
  A deep elf mage (Vaults:2)
  A kobold demonologist (Abyss:5)
  A freezing wraith (Coc:7)
  An ice devil (Dis:2)
  An ettin zombie (Geh:7)
  An ice dragon zombie (Coc:4)
  2 blink frogs
  A flying skull (Volcano)
  A wraith (Geh:7)
  A shadow (Geh:5)
  A water elemental (Hell)
  A fire elemental (Geh:1)
  A chaos spawn (Abyss:4)
  A neqoxec (Abyss:3)
  3 hell hounds
  An ice beast (Coc:7)
  A necrophage (Dis:2)
  A slave (D:5)
  2 humans
  A starcursed mass (Abyss:5)
  6 wights
  A hell rat (Lair:6)
  A worker ant (D:5)
  A briar patch (Swamp:2)
  24 fungi
  3 lurking horrors
  82 plants
  199 spectral weapons
  39 starspawn tentacles
  13 tentacles
  A withered plant (Crypt:3)
415 creatures vanquished.

Grand Total: 6629 creatures vanquished

Notes
Turn   | Place    | Note
-------+----------+-------------------------------------------
     0 | D:1      | Napalmbreeze the Gnoll Skald began the quest for the Orb.
     0 | D:1      | Reached XP level 1. HP: 20/20 MP: 6/6
   216 | D:1      | Reached XP level 2. HP: 26/26 MP: 7/7
   943 | D:2      | Reached XP level 3. HP: 31/31 MP: 9/9
   974 | D:2      | Reached skill level 5 in Spellcasting
  1005 | D:2      | Reached skill level 1 in Invocations
  1030 | D:2      | Learned a level 2 spell: Song of Slaying
  1235 | D:2      | Reached skill level 1 in Short Blades
  1235 | D:2      | Reached skill level 1 in Long Blades
  1235 | D:2      | Reached skill level 1 in Axes
  1235 | D:2      | Reached skill level 1 in Maces & Flails
  1235 | D:2      | Reached skill level 1 in Staves
  1235 | D:2      | Reached skill level 1 in Slings
  1235 | D:2      | Reached skill level 1 in Bows
  1235 | D:2      | Reached skill level 1 in Crossbows
  1235 | D:2      | Reached skill level 1 in Throwing
  1235 | D:2      | Reached skill level 1 in Stealth
  1235 | D:2      | Reached skill level 1 in Shields
  1235 | D:2      | Reached skill level 1 in Unarmed Combat
  1235 | D:2      | Reached skill level 1 in Evocations
  1483 | D:2      | Reached XP level 4. HP: 38/38 MP: 11/11
  2308 | D:3      | Learned a level 3 spell: Spectral Weapon
  2309 | D:4      | Found Hioblat's Weapon Shoppe.
  2330 | D:3      | Reached skill level 1 in Conjurations
  2330 | D:3      | Reached skill level 1 in Hexes
  2330 | D:3      | Reached skill level 1 in Summonings
  2330 | D:3      | Reached skill level 1 in Necromancy
  2330 | D:3      | Reached skill level 1 in Translocations
  2330 | D:3      | Reached skill level 1 in Transmutations
  2330 | D:3      | Reached skill level 1 in Fire Magic
  2330 | D:3      | Reached skill level 1 in Ice Magic
  2330 | D:3      | Reached skill level 1 in Air Magic
  2330 | D:3      | Reached skill level 1 in Earth Magic
  2330 | D:3      | Reached skill level 1 in Poison Magic
  2340 | D:3      | Reached XP level 5. HP: 38/43 MP: 1/12
  2777 | D:4      | Noticed an ogre
  3197 | D:4      | Killed an ogre
  3197 | D:4      | Reached skill level 2 in Invocations
  3197 | D:4      | Reached XP level 6. HP: 17/50 MP: 4/14
  3467 | D:4      | Reached skill level 5 in Fighting
  3467 | D:4      | Reached skill level 5 in Polearms
  3467 | D:4      | Reached skill level 5 in Dodging
  3490 | D:4      | Noticed Edmund
  3764 | D:3      | Reached XP level 7. HP: 50/56 MP: 4/15
  4216 | D:4      | Killed Edmund
  4685 | D:5      | Entered Level 5 of the Dungeon
  4818 | D:5      | Reached skill level 3 in Invocations
  4853 | D:5      | Noticed Pikel
  4892 | D:5      | Killed Pikel
  4892 | D:5      | Reached XP level 8. HP: 28/64 MP: 10/17
  5433 | D:5      | Found a runed gate.
  5434 | D:5      | Found a runed gate.
  5436 | D:5      | Found a runed gate.
  5489 | D:5      | Noticed HereIgoKillingAgain's ghost (novice MfGl)
  5584 | D:5      | Reached skill level 4 in Invocations
  5730 | D:5      | Found an ancient bone altar of Kikubaaqudgha.
  5867 | D:5      | Found a staircase to the Ecumenical Temple.
  5882 | Temple   | Entered the Ecumenical Temple
  5908 | Temple   | Became a worshipper of Warmaster Okawaru
  6069 | D:5      | Reached XP level 9. HP: 69/69 MP: 14/18
  7063 | D:6      | Reached skill level 5 in Armour
  7354 | D:7      | Reached * piety under Okawaru
  7363 | D:7      | Noticed Harold
  7393 | D:7      | HP: 3/70 [Harold/+0 trident (9)]
  7914 | D:7      | Got a pair of crude gloves
  7928 | D:7      | Identified the -6 pair of gloves of Qotatit {-Cast +Fly
                  | Str+4} (You found it on level 7 of the Dungeon)
  8019 | D:7      | Learned a level 3 spell: Conjure Flame
  8133 | D:7      | Reached skill level 5 in Invocations
  8705 | D:7      | Killed Harold
  8705 | D:7      | Reached ** piety under Okawaru
  8705 | D:7      | Reached XP level 10. HP: 46/77 MP: 8/20
  8900 | D:8      | You fall through a shaft for 3 floors!
  8900 | D:11     | Noticed a two-headed ogre
  8910 | D:11     | Killed a two-headed ogre
  8910 | D:11     | Reached skill level 5 in Short Blades
  8910 | D:11     | Reached skill level 5 in Long Blades
  8910 | D:11     | Reached skill level 5 in Axes
  8910 | D:11     | Reached skill level 5 in Maces & Flails
  8910 | D:11     | Reached skill level 5 in Staves
  8910 | D:11     | Reached skill level 5 in Slings
  8910 | D:11     | Reached skill level 5 in Bows
  8910 | D:11     | Reached skill level 5 in Crossbows
  8910 | D:11     | Reached skill level 5 in Throwing
  8910 | D:11     | Reached skill level 5 in Stealth
  8910 | D:11     | Reached skill level 5 in Shields
  8910 | D:11     | Reached skill level 5 in Unarmed Combat
  8910 | D:11     | Reached skill level 5 in Evocations
  8954 | D:10     | Entered Level 10 of the Dungeon
  8971 | D:10     | Reached *** piety under Okawaru
  9213 | D:9      | Noticed a two-headed ogre
  9223 | D:10     | Noticed a two-headed ogre
  9244 | D:10     | Killed a two-headed ogre
  9537 | D:10     | Reached skill level 6 in Invocations
  9776 | D:10     | Found Ejo Sior's Magic Scroll Boutique.
  9781 | D:10     | Bought a scroll of identify for 22 gold pieces
  9953 | D:10     | Noticed Grum
  9956 | D:10     | Reached **** piety under Okawaru
  9957 | D:10     | Killed Grum
 10022 | D:9      | Reached XP level 11. HP: 68/84 MP: 10/22
 10165 | D:8      | Noticed Prince Ribbit
 10176 | D:8      | Killed Prince Ribbit
 10215 | D:8      | Learned a level 3 spell: Tukima's Dance
 10333 | D:8      | Noticed Maurice
 10341 | D:8      | Killed Maurice
 11100 | D:8      | Found a shimmering altar of Xom.
 11195 | D:9      | Killed a two-headed ogre
 11195 | D:9      | Reached skill level 5 in Conjurations
 11195 | D:9      | Reached skill level 5 in Hexes
 11195 | D:9      | Reached skill level 5 in Summonings
 11195 | D:9      | Reached skill level 5 in Necromancy
 11195 | D:9      | Reached skill level 5 in Translocations
 11195 | D:9      | Reached skill level 5 in Transmutations
 11195 | D:9      | Reached skill level 5 in Fire Magic
 11195 | D:9      | Reached skill level 5 in Ice Magic
 11195 | D:9      | Reached skill level 5 in Air Magic
 11195 | D:9      | Reached skill level 5 in Earth Magic
 11195 | D:9      | Reached skill level 5 in Poison Magic
 11624 | D:4      | Bought a +0 demon trident of electrocution for 474 gold
                  | pieces
 11704 | D:9      | Found a staircase to the Lair.
 11731 | D:9      | Noticed a two-headed ogre
 11743 | D:9      | Killed a two-headed ogre
 11743 | D:9      | Reached ***** piety under Okawaru
 11743 | D:9      | Received a gift from Okawaru
 11856 | D:9      | You fall through a shaft for 2 floors!
 12149 | D:11     | Noticed a red ugly thing
 12156 | D:11     | Reached skill level 7 in Invocations
 12201 | D:11     | Killed a red ugly thing
 12826 | D:9      | Received a gift from Okawaru
 12945 | D:10     | Found a staircase to the Orcish Mines.
 13145 | D:10     | Noticed Snorg
 13160 | D:10     | Killed Snorg
 13160 | D:10     | Reached XP level 12. HP: 89/93 MP: 14/24
 13490 | Lair:1   | Entered Level 1 of the Lair of Beasts
 14080 | Lair:1   | Received a gift from Okawaru
 14652 | Lair:2   | Reached skill level 8 in Invocations
 15059 | Lair:2   | Got a scintillating bronze ring
 15236 | Lair:2   | Noticed an eight-headed hydra
 15245 | Lair:2   | Killed an eight-headed hydra
 15600 | Lair:3   | Found a runed gate.
 15603 | Lair:3   | Found a runed gate.
 15604 | Lair:3   | Found a runed gate.
 15606 | Lair:3   | Noticed Allula97's ghost (journeyman CeHu)
 15619 | Lair:3   | Killed Allula97's ghost
 15619 | Lair:3   | Reached XP level 13. HP: 101/101 MP: 19/26
 15835 | Lair:3   | Found a stormy altar of Qazlal.
 16423 | Lair:4   | Got a pair of distressingly furry gloves
 16429 | Lair:3   | Identified the ring "Nupnu" {rElec rPois Int+2 Dex-2 SInv}
                  | (You found it on level 2 of the Lair of Beasts)
 16440 | Lair:3   | Identified the cursed +0 pair of gloves "Gujy" {+Fly rElec
                  | rF+++ Dex-2} (You found it on level 4 of the Lair of
                  | Beasts)
 16618 | Lair:4   | Found a dark tunnel.
 16627 | Volcano  | Entered a volcano
 16730 | Volcano  | Reached skill level 9 in Invocations
 16760 | Volcano  | Received a gift from Okawaru
 16796 | Volcano  | Got a jewelled hand axe {god gift}
 16799 | Volcano  | Identified the +5 hand axe of Superiority {chop, rC++ Int+3
                  | Dex+2 Stlth-} (Okawaru gifted it to you in a volcano)
 16842 | Volcano  | Got a slimy war axe
 16843 | Volcano  | Identified the +3 war axe "Ytuuf" {chop, rF+ MR+ Str+2
                  | Int-5} (You found it in a volcano)
 17062 | Lair:4   | Found a hole to the Spider Nest.
 17155 | Lair:4   | Found a staircase to the Swamp.
 17810 | Lair:5   | Found a staircase to the Slime Pits.
 17917 | Lair:5   | Noticed Rupert
 17990 | Lair:5   | Received a gift from Okawaru
 17997 | Lair:5   | Got a distressingly furry chain mail {god gift}
 18008 | Lair:5   | Identified the +4 chain mail of Xassojink {rCorr} (Okawaru
                  | gifted it to you on level 5 of the Lair of Beasts)
 18336 | Lair:5   | Got a dazzling trident
 18337 | Lair:5   | Identified the +7 trident of Conversion {drain, MR+ Int+4}
                  | (You found it on level 5 of the Lair of Beasts)
 18365 | Lair:6   | Entered Level 6 of the Lair of Beasts
 18375 | Lair:6   | Reached skill level 10 in Spellcasting
 18385 | Lair:6   | Reached XP level 14. HP: 67/109 MP: 7/28
 18827 | Lair:6   | Reached skill level 10 in Fighting
 18827 | Lair:6   | Reached skill level 10 in Polearms
 18827 | Lair:6   | Reached skill level 10 in Dodging
 19367 | Lair:6   | Identified the Grimoire of Earthen Poison
 20179 | Lair:6   | Received a gift from Okawaru
 20952 | D:12     | Reached skill level 10 in Invocations
 21109 | D:12     | Got a faintly humming helmet
 21120 | D:12     | Identified the cursed +0 helmet of Laturohe {Str+7 Int-2
                  | Dex+2} (You found it on level 12 of the Dungeon)
 21411 | D:12     | Noticed Psyche
 21417 | D:12     | Killed Psyche
 22453 | D:14     | You fall through a shaft!
 22453 | D:15     | Entered Level 15 of the Dungeon
 22519 | D:15     | Reached XP level 15. HP: 117/117 MP: 21/29
 22583 | D:15     | Noticed Roxanne
 22682 | D:15     | Reached skill level 10 in Armour
 22695 | D:15     | Received a gift from Okawaru
 23376 | D:14     | Received a gift from Okawaru
 23396 | D:14     | Found a gate to the Vaults.
 23591 | D:14     | Reached skill level 10 in Charms
 23607 | D:14     | Found a huge runed gate.
 23614 | D:14     | Found a huge runed gate.
 23614 | D:14     | Found a huge runed gate.
 23614 | D:14     | Found a huge runed gate.
 23657 | D:14     | Received a gift from Okawaru
 23714 | D:14     | Reached skill level 10 in Short Blades
 23714 | D:14     | Reached skill level 10 in Long Blades
 23714 | D:14     | Reached skill level 10 in Axes
 23714 | D:14     | Reached skill level 10 in Maces & Flails
 23714 | D:14     | Reached skill level 10 in Staves
 23714 | D:14     | Reached skill level 10 in Slings
 23714 | D:14     | Reached skill level 10 in Bows
 23714 | D:14     | Reached skill level 10 in Crossbows
 23714 | D:14     | Reached skill level 10 in Throwing
 23714 | D:14     | Reached skill level 10 in Stealth
 23714 | D:14     | Reached skill level 10 in Shields
 23714 | D:14     | Reached skill level 10 in Unarmed Combat
 23714 | D:14     | Reached skill level 10 in Evocations
 23787 | D:14     | Received a gift from Okawaru
 24020 | D:15     | Noticed Azrael
 24044 | D:14     | Reached ****** piety under Okawaru
 24059 | D:14     | Killed Azrael
 24059 | D:14     | Received a gift from Okawaru
 24254 | D:14     | Reached skill level 11 in Invocations
 24300 | D:15     | Got a twisted scale mail
 24311 | D:15     | Identified the +1 scale mail of Supple Strength {rN+ MR+
                  | Regen+ Int-5} (You found it on level 15 of the Dungeon)
 24324 | D:15     | Found a sparkling altar of Nemelex Xobeh.
 24644 | D:15     | Found a staircase to the Depths.
 24890 | Orc:1    | Entered Level 1 of the Orcish Mines
 24926 | Orc:1    | Reached XP level 16. HP: 96/125 MP: 6/31
 24961 | Orc:1    | Found a runed door.
 24961 | Orc:1    | Found a shimmering altar of Xom.
 24961 | Orc:1    | Noticed HereIgoKillingAgain's ghost (journeyman DEFE)
 24968 | Orc:1    | Received a gift from Okawaru
 24973 | Orc:1    | Got a pair of distressingly furry gloves {god gift}
 24994 | D:10     | Identified the +0 pair of gloves "Xent" {+Inv +Fly rElec}
                  | (Okawaru gifted it to you on level 1 of the Orcish Mines)
 25196 | Orc:1    | You fall through a shaft!
 25196 | Orc:2    | Entered Level 2 of the Orcish Mines
 25335 | Orc:2    | Found a frozen archway.
 25344 | Orc:2    | Found a staircase to the Elven Halls.
 25365 | IceCv    | Entered an ice cave
 25394 | IceCv    | Found a transporter.
 25414 | IceCv    | Found a transporter.
 26021 | Orc:2    | Found Jyugog's General Store.
 26047 | Orc:2    | Found Xachen's Magic Scroll Emporium.
 26343 | Orc:2    | Bought a scroll of identify for 26 gold pieces
 26343 | Orc:2    | Bought a scroll of identify for 26 gold pieces
 26343 | Orc:2    | Bought a scroll of fear for 45 gold pieces
 26343 | Orc:2    | Bought a scroll of teleportation for 39 gold pieces
 26508 | Orc:2    | Received a gift from Okawaru
 26532 | Orc:2    | Found Hiun's Gadget Boutique.
 26532 | Orc:2    | Found Viegra's Antique Armour Shop.
 26532 | Orc:2    | Found a one-way gate leading to the halls of Pandemonium.
 26538 | Orc:2    | Bought a wand of disintegration (4) for 96 gold pieces
 27136 | Swamp:1  | Entered Level 1 of the Swamp
 27136 | Swamp:1  | Noticed Louise
 27151 | Swamp:1  | Cast into level 2 of the Abyss (Louise)
 27192 | Abyss:2  | Found a corrupted altar of Lugonu.
 27232 | Swamp:1  | Escaped the Abyss
 27257 | Swamp:1  | Killed Louise
 27348 | Swamp:1  | Found a runed door.
 27376 | Swamp:1  | Noticed Frances
 27767 | Swamp:1  | Paralysed by a hornet for 2 turns
 28109 | Swamp:1  | Identified the +5 spear of Day {pierce, rPois rC+ Str-2}
 28343 | Swamp:1  | Killed Frances
 28343 | Swamp:1  | Received a gift from Okawaru
 28629 | Swamp:1  | Noticed Ixziecs's ghost (journeyman GrEE)
 29292 | Swamp:1  | Killed Ixziecs's ghost
 29418 | Swamp:2  | Noticed a thorn hunter
 29434 | Swamp:2  | Killed a thorn hunter
 29534 | Swamp:2  | Reached XP level 17. HP: 131/133 MP: 33/33
 30075 | Swamp:3  | Received a gift from Okawaru
 30075 | Swamp:3  | Reached skill level 12 in Invocations
 30106 | Swamp:3  | Got a faintly glowing dagger
 30110 | Swamp:3  | Identified the +6 dagger of Exquisite Torment {pain, +Fly
                  | rF+ Dex-3 SInv} (You found it on level 3 of the Swamp)
 30347 | Swamp:3  | Received a gift from Okawaru
 30374 | Swamp:3  | Got an encrusted plate armour {god gift}
 30386 | Swamp:3  | Identified the +6 plate armour of the Unbroken {+Fly Int+8
                  | SInv} (Okawaru gifted it to you on level 3 of the Swamp)
 31100 | Swamp:4  | Entered Level 4 of the Swamp
 31466 | Swamp:4  | Received a gift from Okawaru
 31794 | Swamp:4  | Noticed the 27-headed Lernaean hydra
 31801 | Swamp:4  | Killed the 27-headed Lernaean hydra
 31803 | Swamp:4  | Received a gift from Okawaru
 32213 | Swamp:4  | Got a decaying rune of Zot
 32431 | Spider:1 | Entered Level 1 of the Spider Nest
 32501 | Spider:1 | Reached skill level 10 in Conjurations
 32501 | Spider:1 | Reached skill level 10 in Hexes
 32501 | Spider:1 | Reached skill level 10 in Summonings
 32501 | Spider:1 | Reached skill level 10 in Necromancy
 32501 | Spider:1 | Reached skill level 10 in Translocations
 32501 | Spider:1 | Reached skill level 10 in Transmutations
 32501 | Spider:1 | Reached skill level 10 in Fire Magic
 32501 | Spider:1 | Reached skill level 10 in Ice Magic
 32501 | Spider:1 | Reached skill level 10 in Air Magic
 32501 | Spider:1 | Reached skill level 10 in Earth Magic
 32501 | Spider:1 | Reached skill level 10 in Poison Magic
 32574 | Spider:1 | Reached XP level 18. HP: 111/141 MP: 31/34
 32600 | Spider:1 | You fall through a shaft!
 32701 | Spider:1 | You fall through a shaft!
 32786 | Spider:2 | Received a gift from Okawaru
 32868 | Spider:2 | Received a gift from Okawaru
 33178 | Spider:1 | Received a gift from Okawaru
 33816 | Spider:3 | Noticed Arachne
 33828 | Spider:3 | Killed Arachne
 34113 | Spider:3 | Reached skill level 13 in Invocations
 34162 | Spider:3 | Received a gift from Okawaru
 34189 | Spider:3 | Received a gift from Okawaru
 34197 | Spider:3 | Got a pair of distressingly furry boots {god gift}
 34500 | Spider:3 | Identified the -7 pair of boots of Divine Intervention {rN+
                  | Int+6 Stlth-} (Okawaru gifted it to you on level 3 of the
                  | Spider Nest)
 34529 | Spider:3 | Upgraded the game from 0.23-a0-641-g0a7f1ce553 to
                  | 0.23-a0-642-g3120c2f5a9
 34531 | Spider:4 | Entered Level 4 of the Spider Nest
 35429 | Spider:4 | Learned a level 4 spell: Olgreb's Toxic Radiance
 35829 | Spider:4 | Received a gift from Okawaru
 35829 | Spider:4 | Reached XP level 19. HP: 109/149 MP: 6/36
 36024 | Spider:4 | Received a gift from Okawaru
 36029 | Spider:4 | Got a gossamer rune of Zot
 36139 | Spider:4 | Got a faintly glowing dagger {god gift}
 36140 | Spider:4 | Identified the +5 dagger of Popular Demand {pierce, *Contam
                  | rElec rC+} (Okawaru gifted it to you on level 4 of the
                  | Spider Nest)
 36356 | Spider:3 | Gained mutation: Your spells are a little easier to cast,
                  | but a little less powerful. [mutagenic glow]
 36607 | Vaults:1 | Entered Level 1 of the Vaults
 37325 | Vaults:1 | Received a gift from Okawaru
 37601 | Vaults:1 | Found a bloodstained altar of Trog.
 38563 | Vaults:2 | Received a gift from Okawaru
 39111 | Vaults:2 | Reached XP level 20. HP: 157/157 MP: 29/37
 39201 | Vaults:2 | Reached skill level 14 in Invocations
 39216 | Vaults:2 | Received a gift from Okawaru
 39238 | Vaults:2 | Received a gift from Okawaru
 39278 | Vaults:2 | Received a gift from Okawaru
 39729 | Vaults:2 | Got a pair of ancient boots
 39740 | Vaults:2 | Identified the cursed -5 pair of boots "Isor" {MR++ SInv}
                  | (You found it on level 2 of the Vaults)
 40279 | Vaults:3 | Received a gift from Okawaru
 40317 | Vaults:3 | Got a spiked hat {god gift}
 40328 | Vaults:3 | Identified the +0 hat of Restlessness {rN+ Int+4 Dex+4}
                  | (Okawaru gifted it to you on level 3 of the Vaults)
 40585 | Vaults:3 | Found a staircase to the Crypt.
 40585 | Vaults:3 | Found a basalt altar of Yredelemnul.
 40586 | Vaults:3 | Found an ancient bone altar of Kikubaaqudgha.
 41076 | Vaults:3 | Reached XP level 21. HP: 74/165 MP: 19/39
 41686 | Vaults:3 | Got a slimy lapis lazuli ring
 41699 | Vaults:3 | Identified the ring "Veggetakk" {rElec rC+ rN+ SInv Stlth+}
                  | (You found it on level 3 of the Vaults)
 41810 | Vaults:3 | Received a gift from Okawaru
 42041 | Vaults:3 | Received a gift from Okawaru
 42331 | Vaults:4 | Received a gift from Okawaru
 42334 | Vaults:4 | Got a bone hunting sling {god gift}
 42335 | Vaults:4 | Identified the +8 hunting sling of Walnut {speed, rF+
                  | Str+2} (Okawaru gifted it to you on level 4 of the Vaults)
 42574 | Vaults:3 | Found a staircase to the Crypt.
 42574 | Vaults:3 | Found a basalt altar of Yredelemnul.
 42575 | Vaults:3 | Found an ancient bone altar of Kikubaaqudgha.
 43412 | Vaults:4 | Noticed Frederick
 43699 | Vaults:4 | Killed Frederick
 43872 | Vaults:4 | Received a gift from Okawaru
 43913 | Vaults:4 | Reached skill level 15 in Invocations
 43936 | Vaults:4 | Received a gift from Okawaru
 44339 | Vaults:4 | Received a gift from Okawaru
 44684 | Vaults:4 | Received a gift from Okawaru
 44942 | Elf:1    | Entered Level 1 of the Elven Halls
 45234 | Elf:1    | Found a runed gate.
 45235 | Elf:1    | Found a runed gate.
 45236 | Elf:1    | Found a runed gate.
 45237 | Elf:1    | Noticed Jihew's ghost (adept TrCK)
 45239 | Elf:1    | Found an iron altar of Okawaru.
 45277 | Elf:1    | Reached XP level 22. HP: 172/173 MP: 34/40
 45534 | Elf:1    | Learned a level 3 spell: Regeneration
 45976 | Elf:1    | Identified the Guide on Heat and Boosts
 46248 | Elf:1    | Killed Jihew's ghost
 46392 | Elf:2    | Received a gift from Okawaru
 46617 | Elf:2    | Found a runed gate.
 46619 | Elf:2    | Found a runed gate.
 46620 | Elf:2    | Found a runed gate.
 46625 | Elf:2    | Received a gift from Okawaru
 46653 | Elf:2    | Reached skill level 15 in Spellcasting
 47052 | Elf:2    | Noticed Agnes
 47065 | Elf:2    | Killed Agnes
 47158 | Elf:2    | Reached skill level 15 in Fighting
 47158 | Elf:2    | Reached skill level 15 in Polearms
 47158 | Elf:2    | Reached skill level 15 in Dodging
 47521 | Elf:2    | Received a gift from Okawaru
 47693 | Elf:3    | Entered Level 3 of the Elven Halls
 48106 | Elf:3    | Received a gift from Okawaru
 48611 | Elf:3    | Received a gift from Okawaru
 48698 | Elf:3    | Identified the +1 war axe "Walo Lai" {drain, +Fly rElec MR+
                  | Stlth-}
 48752 | Elf:3    | Found the +0 mask of the Dragon {MR+ Slay+3 SInv}
 48784 | Elf:3    | Got a twitching copper ring
 48786 | Elf:3    | Identified the ring "Odod" {*Tele Dex+4} (You found it on
                  | level 3 of the Elven Halls)
 48802 | Elf:3    | Identified the Collected Works on Quantum Transmutation
 48806 | Elf:3    | Found the +0 sword of Power
 48900 | Elf:3    | Got crude swamp dragon scales
 48911 | Elf:3    | Identified the +3 swamp dragon scales of the Vestibule of
                  | Hell {rPois Dex+4} (You found it on level 3 of the Elven
                  | Halls)
 49977 | Vaults:5 | Entered Level 5 of the Vaults
 49985 | Vaults:5 | Reached XP level 23. HP: 151/181 MP: 32/42
 49998 | Vaults:5 | Received a gift from Okawaru
 49998 | Vaults:5 | Reached skill level 15 in Armour
 50012 | Vaults:5 | Reached skill level 16 in Invocations
 50015 | Vaults:5 | Received a gift from Okawaru
 50027 | Vaults:5 | Received a gift from Okawaru
 50634 | Vaults:5 | HP: 9/182 [cyan very ugly thing (7)]
 50949 | Vaults:5 | Reached skill level 15 in Short Blades
 50949 | Vaults:5 | Reached skill level 15 in Long Blades
 50949 | Vaults:5 | Reached skill level 15 in Axes
 50949 | Vaults:5 | Reached skill level 15 in Maces & Flails
 50949 | Vaults:5 | Reached skill level 15 in Staves
 50949 | Vaults:5 | Reached skill level 15 in Slings
 50949 | Vaults:5 | Reached skill level 15 in Bows
 50949 | Vaults:5 | Reached skill level 15 in Crossbows
 50949 | Vaults:5 | Reached skill level 15 in Throwing
 50949 | Vaults:5 | Reached skill level 15 in Stealth
 50949 | Vaults:5 | Reached skill level 15 in Shields
 50949 | Vaults:5 | Reached skill level 15 in Unarmed Combat
 50949 | Vaults:5 | Reached skill level 15 in Evocations
 51166 | Vaults:5 | Identified the ring of Nicwoaza {rC+ MR- Int+6 SInv}
 51207 | Vaults:5 | Received a gift from Okawaru
 51523 | Vaults:5 | Identified the ring of Light {rN+ Str+5 Int+2 Dex-5 Stlth+}
 51533 | Vaults:5 | Received a gift from Okawaru
 51743 | Vaults:5 | Identified a +2 pair of boots of running (Okawaru gifted it
                  | to you on level 5 of the Vaults)
 51795 | Vaults:5 | Got a silver rune of Zot
 51991 | Vaults:5 | Identified the +5 quarterstaff of Tenacity {protect, rPois}
 52152 | Vaults:5 | Reached XP level 24. HP: 190/190 MP: 33/42
 52184 | Vaults:5 | Identified the cursed +2 broad axe "Foleczy" {drain, +Fly
                  | Int-3 Dex+4 SInv}
 52206 | Vaults:5 | Identified the Compendium of the Entourage
 52305 | Vaults:5 | Identified the Compendium of Enthralling Confrontation
 52886 | Vaults:5 | Received a gift from Okawaru
 53344 | Depths:1 | Entered Level 1 of the Depths
 53344 | Depths:1 | Found a corrupted altar of Lugonu.
 53617 | Depths:1 | Found a gateway to Hell.
 54368 | Depths:2 | Found a corrupted altar of Lugonu.
 54369 | Depths:2 | Found a one-way gate to the infinite horrors of the Abyss.
 54775 | Depths:2 | Received a gift from Okawaru
 54876 | Depths:2 | Received a gift from Okawaru
 55010 | Depths:2 | Reached skill level 17 in Invocations
 55153 | Depths:2 | Got a warped silver ring
 55155 | Depths:2 | Identified the ring "Ziamamol" {*Tele rPois rN+ Int+6
                  | Dex-5} (You found it on level 2 of the Depths)
 55304 | Depths:2 | Gained mutation: You are resistant to electric shocks.
                  | (rElec) [a shining eye]
 55322 | Depths:2 | Received a gift from Okawaru
 55645 | Depths:3 | Reached XP level 25. HP: 195/197 MP: 39/43
 55660 | Depths:3 | Noticed Nikola
 55677 | Depths:3 | Killed Nikola
 55677 | Depths:3 | Received a gift from Okawaru
 55735 | Depths:3 | Received a gift from Okawaru
 55878 | Depths:3 | Received a gift from Okawaru
 56410 | Depths:3 | Noticed Boris
 56427 | Depths:3 | Killed Boris
 56862 | Depths:3 | Learned a level 6 spell: Bolt of Fire
 57068 | Depths:3 | Received a gift from Okawaru
 57249 | Depths:3 | Got a pair of faintly glowing boots {god gift}
 57250 | Depths:3 | Identified the +0 pair of boots "Kuritam" {Dex+2} (Okawaru
                  | gifted it to you on level 3 of the Depths)
 57575 | Depths:4 | Found a glowing silver altar of Zin.
 58083 | Depths:4 | Noticed a juggernaut
 58089 | Depths:4 | Killed a juggernaut
 58089 | Depths:4 | Received a gift from Okawaru
 58118 | Depths:4 | Reached XP level 26. HP: 183/207 MP: 41/43
 58290 | Depths:4 | Reached skill level 15 in Charms
 58450 | Depths:4 | Found a sparkling altar of Nemelex Xobeh.
 58808 | Depths:4 | Learned a level 6 spell: Deflect Missiles
 58901 | Depths:5 | Entered Level 5 of the Depths
 59156 | Depths:5 | Found a runed door.
 59176 | Depths:5 | Paralysed by a floating eye for 3 turns
 59304 | Depths:5 | Noticed Yshyohokh's ghost (adept SpEn)
 59339 | Depths:5 | Killed Yshyohokh's ghost
 59902 | Depths:5 | Found a gate to the Realm of Zot.
 59913 | Depths:5 | Reached skill level 18 in Invocations
 60015 | Depths:5 | Received a gift from Okawaru
 60036 | Depths:5 | Identified the +1 scythe of Shame {drain, *Noise rElec rF+
                  | rN+} (You found it on level 5 of the Depths)
 60126 | Depths:5 | Received a gift from Okawaru
 60376 | Zot:1    | Entered Level 1 of the Realm of Zot
 61266 | Zot:1    | Reached XP level 27. HP: 202/215 MP: 41/44
 61920 | Zot:2    | Received a gift from Okawaru
 62479 | Depths:5 | Found a gateway to a ziggurat.
 62480 | Depths:5 | Paralysed by a floating eye for 3 turns
 62668 | D:10     | Bought a scroll of summoning for 104 gold pieces
 62668 | D:10     | Bought a scroll of holy word for 82 gold pieces
 62668 | D:10     | Bought a scroll of summoning for 104 gold pieces
 62668 | D:10     | Bought 3 scrolls of identify for 66 gold pieces
 62668 | D:10     | Bought a scroll of holy word for 82 gold pieces
 62668 | D:10     | Bought a scroll of magic mapping for 38 gold pieces
 62668 | D:10     | Bought a scroll of magic mapping for 38 gold pieces
 62668 | D:10     | Bought a scroll of teleportation for 33 gold pieces
 62668 | D:10     | Bought a scroll of identify for 22 gold pieces
 62772 | Orc:2    | Bought a wand of digging (1) for 120 gold pieces
 62772 | Orc:2    | Bought a wand of scattershot (6) for 360 gold pieces
 62772 | Orc:2    | Bought a wand of clouds (6) for 360 gold pieces
 63037 | Slime:1  | Entered Level 1 of the Pits of Slime
 63202 | Slime:3  | Received a gift from Okawaru
 64467 | Slime:3  | Paralysed by a floating eye for 4 turns
 64737 | Slime:2  | Gained mutation: Scrolls take you a little longer to read.
                  | [a shining eye]
 64981 | Slime:2  | Gained mutation: You are weak. (Str -2) [a shining eye]
 64991 | Slime:2  | Lost mutation: Scrolls take you a little longer to read.
                  | [potion of mutation]
 64991 | Slime:2  | Lost mutation: Your spells are a little easier to cast, but
                  | a little less powerful. [potion of mutation]
 64991 | Slime:2  | Lost mutation: You are resistant to electric shocks.
                  | (rElec) [potion of mutation]
 64991 | Slime:2  | Gained mutation: You are robust. (+10% HP) [potion of
                  | mutation]
 64991 | Slime:2  | Gained mutation: Your magical capacity is low. (-10% MP)
                  | [potion of mutation]
 64991 | Slime:2  | Gained mutation: You are resistant to hostile enchantments.
                  | (MR+) [potion of mutation]
 65167 | Slime:5  | Entered Level 5 of the Pits of Slime
 65222 | Slime:5  | Reached skill level 15 in Conjurations
 65222 | Slime:5  | Reached skill level 15 in Hexes
 65222 | Slime:5  | Reached skill level 15 in Summonings
 65222 | Slime:5  | Reached skill level 15 in Necromancy
 65222 | Slime:5  | Reached skill level 15 in Translocations
 65222 | Slime:5  | Reached skill level 15 in Transmutations
 65222 | Slime:5  | Reached skill level 15 in Fire Magic
 65222 | Slime:5  | Reached skill level 15 in Ice Magic
 65222 | Slime:5  | Reached skill level 15 in Air Magic
 65222 | Slime:5  | Reached skill level 15 in Earth Magic
 65222 | Slime:5  | Reached skill level 15 in Poison Magic
 65346 | Slime:5  | Gained mutation: Your spells are a little easier to cast,
                  | but a little less powerful. [a shining eye]
 65468 | Slime:5  | Gained mutation: Potions are less effective at restoring
                  | your health. [a shining eye]
 65469 | Slime:5  | Gained mutation: You are somewhat resistant to further
                  | mutation. [a shining eye]
 65495 | Slime:5  | Gained mutation: Your spells are easier to cast, but less
                  | powerful. [a shining eye]
 65501 | Slime:5  | Received a gift from Okawaru
 65548 | Slime:5  | Lost mutation: Your spells are easier to cast, but less
                  | powerful. [potion of mutation]
 65548 | Slime:5  | Lost mutation: Your magical capacity is low. (-10% MP)
                  | [potion of mutation]
 65548 | Slime:5  | Lost mutation: You are robust. (+10% HP) [potion of
                  | mutation]
 65548 | Slime:5  | Gained mutation: You are somewhat resistant to both further
                  | mutation and mutation removal. [potion of mutation]
 65608 | Slime:5  | Noticed the Royal Jelly
 65626 | Slime:5  | Killed the Royal Jelly
 65659 | Slime:5  | Found the amulet of Vitality {Regen+ HP+15}
 65663 | Slime:5  | Got a wavering ivory ring
 65666 | Slime:5  | Got a steaming copper amulet
 65671 | Slime:5  | Identified the amulet "Baixkisu" {Inacc rF- Str+5 Stlth+}
                  | (You found it on level 5 of the Pits of Slime)
 65677 | Slime:5  | Identified the ring of Sunlight {*Slow +Inv rElec Dex+5
                  | Stlth-} (You found it on level 5 of the Pits of Slime)
 65764 | Slime:5  | Got a clouded amber ring
 65765 | Slime:5  | Identified the ring of Zeas {rPois Int+3} (You found it on
                  | level 5 of the Pits of Slime)
 65774 | Slime:5  | Got a slimy rune of Zot
 66153 | Depths:2 | Lost mutation: Your spells are a little easier to cast, but
                  | a little less powerful. [potion of mutation]
 66153 | Depths:2 | Lost mutation: You are resistant to hostile enchantments.
                  | (MR+) [potion of mutation]
 66153 | Depths:2 | Lost mutation: Potions are less effective at restoring your
                  | health. [potion of mutation]
 66153 | Depths:2 | Gained mutation: You possess an exceptional clarity of
                  | mind. [potion of mutation]
 66154 | Depths:2 | Upgraded the game from 0.23-a0-642-g3120c2f5a9 to
                  | 0.23-a0-644-gb60d84b635
 66326 | Temple   | Fell from the grace of Okawaru
 66326 | Temple   | Became a worshipper of the Shining One
 66832 | D:4      | Bought the +12 battleaxe of Objectivity {chop, Fragile
                  | rPois rC++ Str+4} for 1209 gold pieces
 67183 | Crypt:1  | Entered Level 1 of the Crypt
 67258 | Crypt:1  | Reached * piety under the Shining One
 67268 | Crypt:1  | Noticed Donald
 67515 | Crypt:1  | Killed Donald
 67553 | Crypt:1  | Reached ** piety under the Shining One
 68035 | Crypt:1  | Reached *** piety under the Shining One
 68070 | Crypt:2  | Noticed Xtahua
 68077 | Crypt:2  | Killed Xtahua
 68082 | Crypt:2  | Reached skill level 19 in Invocations
 68087 | Crypt:2  | Reached **** piety under the Shining One
 68258 | Crypt:2  | Noticed an ancient lich
 68273 | Crypt:2  | Killed an ancient lich
 68404 | Crypt:2  | Noticed Margery
 68406 | Crypt:2  | Reached ***** piety under the Shining One
 68422 | Crypt:2  | Killed Margery
 68961 | Crypt:3  | Entered Level 3 of the Crypt
 69175 | Crypt:3  | Reached ****** piety under the Shining One
 69472 | Crypt:3  | Noticed an ancient lich
 69484 | Crypt:3  | Killed an ancient lich
 69569 | Crypt:3  | Found the +7 great mace "Undeadhunter" {disrupt, rN+}
 69604 | Crypt:3  | Identified a +9 trishula of holy wrath (a +9 demon trident
                  | of electrocution blessed by the Shining One)
 69604 | Crypt:3  | Received a gift from the Shining One
 69646 | Crypt:3  | Noticed Mara
 69651 | Crypt:3  | Noticed Napalmbreeze's illusion
 69669 | Crypt:3  | Killed Mara
 69922 | Crypt:3  | Got a smoking glaive
 69923 | Crypt:3  | Identified the +10 glaive of Vatzeez {chop, Str+4 Int+3}
                  | (You found it on level 3 of the Crypt)
 69926 | Crypt:3  | Got a translucent spear
 69927 | Crypt:3  | Identified the cursed +2 spear of Bicrabb {drain, Str+3}
                  | (You found it on level 3 of the Crypt)
 70103 | Crypt:3  | Noticed Bai Suzhen
 70114 | Crypt:3  | Killed Bai Suzhen
 70180 | Crypt:3  | Found a staircase to the Tomb.
 70204 | Crypt:3  | Noticed an ancient lich
 70213 | Crypt:3  | Killed an ancient lich
 70221 | Crypt:3  | Found the -2 hat of the Alchemist {rElec rPois rF+ rC+ rN+
                  | MR+ rMut rCorr}
 70253 | Crypt:3  | Identified the Volume of Fixation
 71261 | Depths:2 | Voluntarily entered the Abyss.
 71349 | Abyss:1  | Found a corrupted altar of Lugonu.
 72142 | Abyss:1  | Found a corrupted altar of Lugonu.
 72482 | Abyss:1  | Paralysed by accursed screaming for 1 turns
 72512 | Abyss:2  | Found a corrupted altar of Lugonu.
 72514 | Abyss:2  | Found a corrupted altar of Lugonu.
 72999 | Abyss:2  | Paralysed by you for 4 turns
 73297 | Abyss:2  | Was forgiven by Okawaru
 73706 | Abyss:3  | Learned a level 5 spell: Summon Mana Viper
 74181 | Abyss:4  | Paralysed by accursed screaming for 1 turns
 74632 | Abyss:4  | Identified Xamoho Neloe's Almanac of the Frostbite and
                  | Weightlessness
 74694 | Abyss:5  | Entered Level 5 of the Abyss
 74694 | Abyss:5  | Found a corrupted altar of Lugonu.
 74953 | Abyss:5  | Reached skill level 20 in Invocations
 75280 | Abyss:5  | Found a corrupted altar of Lugonu.
 75303 | Abyss:5  | Paralysed by accursed screaming for 1 turns
 75414 | Abyss:5  | Gained mutation: You are very weak. (Str -4) [a neqoxec]
 75540 | Abyss:5  | Found a corrupted altar of Lugonu.
 75657 | Abyss:5  | Noticed an ancient lich
 75669 | Abyss:5  | Killed an ancient lich
 76292 | Abyss:5  | Paralysed by accursed screaming for 1 turns
 76368 | Abyss:5  | Paralysed by accursed screaming for 1 turns
 76491 | Depths:2 | Escaped the Abyss
 76722 | Depths:2 | Voluntarily entered the Abyss.
 77674 | Abyss:4  | Got an abyssal rune of Zot
 77706 | Depths:2 | Escaped the Abyss
 77878 | Hell     | Entered the Vestibule of Hell
 77878 | Hell     | Noticed Geryon
 77882 | Hell     | Noticed Murray
 77895 | Hell     | Killed Geryon
 77904 | Hell     | Killed Murray
 77980 | Hell     | Found a gateway to the Iron City of Dis.
 78039 | Hell     | Found a gateway to the ashen valley of Gehenna.
 78132 | Hell     | Found a gateway to the decaying netherworld of Tartarus.
 78192 | Hell     | Found a gateway to the freezing wastes of Cocytus.
 78356 | Geh:1    | Entered Level 1 of Gehenna
 79534 | Geh:3    | Reached skill level 21 in Invocations
 79738 | Geh:3    | You fall through a shaft for 2 floors!
 82326 | Geh:7    | Entered Level 7 of Gehenna
 83178 | Geh:7    | Identified the Handbook of Unholy Rites and Fire
 83595 | Geh:7    | Identified the +7 sceptre of Asmodeus
 83595 | Geh:7    | Identified the amulet of the Suburbs {Reflect rPois rF+ rC-
                  | Dex+4 SH+4}
 83595 | Geh:7    | Noticed Asmodeus
 83610 | Geh:7    | Killed Asmodeus
 83620 | Geh:7    | Got an obsidian rune of Zot
 83622 | Geh:7    | Identified the ring of Omufurixo {*Contam rPois rF- Str+2
                  | Int+5} (You found it on level 7 of Gehenna)
 83882 | Tar:1    | Entered Level 1 of Tartarus
 83917 | Tar:1    | Reached skill level 22 in Invocations
 89629 | Tar:6    | Reached skill level 23 in Invocations
 90321 | Tar:7    | Entered Level 7 of Tartarus
 90348 | Tar:7    | Noticed an ancient lich
 90362 | Tar:7    | Killed an ancient lich
 90853 | Tar:7    | Identified Sif Muna's Tome of the Torrid Escort
 91157 | Tar:7    | Noticed Ereshkigal
 91172 | Tar:7    | Killed Ereshkigal
 91203 | Tar:7    | Got a bone rune of Zot
 91392 | Coc:1    | Entered Level 1 of Cocytus
 92787 | Coc:2    | Lost mutation: You are somewhat resistant to both further
                  | mutation and mutation removal. [potion of mutation]
 92787 | Coc:2    | Gained mutation: You are frail. (-10% HP) [potion of
                  | mutation]
 92788 | Coc:2    | Lost mutation: You are very weak. (Str -4) [potion of
                  | mutation]
 92788 | Coc:2    | Lost mutation: You are somewhat resistant to further
                  | mutation. [potion of mutation]
 92788 | Coc:2    | Gained mutation: You are covered in fur. (AC +1) [potion of
                  | mutation]
 92788 | Coc:2    | Gained mutation: You have supernaturally acute eyesight.
                  | (SInv) [potion of mutation]
 92788 | Coc:2    | Gained mutation: You have sharp fingernails. [potion of
                  | mutation]
 93273 | Coc:2    | Gained mutation: You have large cloven feet. [mutagenic
                  | glow]
 94805 | Coc:5    | You are sucked into a shaft!
 95004 | Coc:6    | Reached skill level 24 in Invocations
 95702 | Coc:7    | Entered Level 7 of Cocytus
 96374 | Coc:7    | Noticed the Serpent of Hell
 96400 | Coc:7    | Killed the Serpent of Hell
 96528 | Coc:7    | Noticed Antaeus
 97228 | Coc:7    | Identified the cursed +1 rapier of Disorder {pain, -Tele
                  | rC++ Int+3}
 97243 | Coc:7    | Identified the +15 plate armour of Distant Worlds {rElec}
 97263 | Coc:7    | Killed Antaeus
 97299 | Coc:7    | Got an icy rune of Zot
 97486 | Dis:1    | Entered Level 1 of the Iron City of Dis
 98034 | Dis:1    | Found a huge runed gate.
 98034 | Dis:1    | Found a huge runed gate.
 98034 | Dis:1    | Found a huge runed gate.
 98034 | Dis:1    | Found a huge runed gate.
 98034 | Dis:1    | Found a huge runed gate.
 98034 | Dis:1    | Found a huge runed gate.
 98034 | Dis:1    | Found a huge runed gate.
 98034 | Dis:1    | Found a huge runed gate.
 98034 | Dis:1    | Found a huge runed gate.
 98034 | Dis:1    | Found a huge runed gate.
 98042 | Dis:1    | Found a huge runed gate.
 98082 | Dis:1    | Found a huge runed gate.
 98082 | Dis:1    | Found a huge runed gate.
 98083 | Dis:1    | Found a huge runed gate.
 98083 | Dis:1    | Found a huge runed gate.
 98084 | Dis:1    | Found a huge runed gate.
 98086 | Dis:1    | Found a huge runed gate.
 98123 | Dis:1    | Found a huge runed gate.
 98123 | Dis:1    | Found a huge runed gate.
 98123 | Dis:1    | Found a huge runed gate.
 98123 | Dis:1    | Found a huge runed gate.
 98123 | Dis:1    | Found a huge runed gate.
 98123 | Dis:1    | Found a huge runed gate.
 98123 | Dis:1    | Found a huge runed gate.
 98123 | Dis:1    | Found a huge runed gate.
 98127 | Dis:1    | Found a huge runed gate.
 98154 | Dis:1    | Found a huge runed gate.
 98154 | Dis:1    | Found a huge runed gate.
 98154 | Dis:1    | Found a huge runed gate.
 98154 | Dis:1    | Found a huge runed gate.
 98156 | Dis:1    | Found a huge runed gate.
 98168 | Dis:1    | Found a huge runed gate.
 98168 | Dis:1    | Found a huge runed gate.
 98973 | Dis:1    | Lost mutation: You have large cloven feet. [potion of
                  | mutation]
 98973 | Dis:1    | Lost mutation: You are weak. (Str -2) [potion of mutation]
 98973 | Dis:1    | Lost mutation: You possess an exceptional clarity of mind.
                  | [potion of mutation]
 98973 | Dis:1    | Lost mutation: You have supernaturally acute eyesight.
                  | (SInv) [potion of mutation]
 98973 | Dis:1    | Gained mutation: You have large cloven feet. [potion of
                  | mutation]
 98973 | Dis:1    | Gained mutation: You have very sharp fingernails. [potion
                  | of mutation]
 99016 | Hell     | Lost mutation: You are frail. (-10% HP) [potion of
                  | mutation]
 99016 | Hell     | Lost mutation: You have large cloven feet. [potion of
                  | mutation]
 99016 | Hell     | Gained mutation: You have sharp toenails. [potion of
                  | mutation]
 99016 | Hell     | Gained mutation: You have extremely sharp teeth. [potion of
                  | mutation]
100738 | Dis:3    | Reached skill level 25 in Invocations
102161 | Dis:5    | You fall through a shaft!
102791 | Dis:6    | Learned a level 5 spell: Silence
102797 | Dis:6    | Learned a level 5 spell: Aura of Abjuration
102813 | Dis:7    | Entered Level 7 of the Iron City of Dis
104214 | Dis:7    | Identified the +4 staff of Dispater
104214 | Dis:7    | Noticed Dispater
104237 | Dis:7    | Killed Dispater
104261 | Dis:7    | Got a transparent turquoise ring
104262 | Dis:7    | Identified the ring "Qoastruy" {rC+ Str+3} (You found it on
                  | level 7 of the Iron City of Dis)
104301 | Dis:7    | Got an iron rune of Zot
104306 | Dis:7    | Got a smoking iron ring
104307 | Dis:7    | Identified the ring of the Suburbs {rPois EV+5 Str+4} (You
                  | found it on level 7 of the Iron City of Dis)
104459 | Hell     | Learned a level 8 spell: Ignition
104468 | Hell     | Learned a level 8 spell: Controlled Blink
104614 | Pan      | Entered Pandemonium
104692 | Pan      | Noticed Plog the pandemonium lord
104713 | Pan      | Killed Plog the pandemonium lord
104909 | Pan      | Found an exit through the horrors of the Abyss.
105123 | Pan      | Killed from afar by a hellion

Vault maps used:
D:1:      eino_arrival_cavern_b, minmay_liquid_box, minmay_misc_feat_square
D:2:      first_ration, minmay_vboxes
D:3:      minmay_tree_intersection
D:4:      serial_shops, nicolae_shop_crystal, uniq_edmund
D:5:      temple_green, gammafunk_ghost_necromancy, tgw_kikubaaqudgha,
          uniq_pikel
D:7:      uniq_harold
D:8:      lemuel_crystal_altar, blue_anna_alchemist, kennysheep_small_spiral,
          uniq_maurice, uniq_prince_ribbit1
D:9:      due_lair_maze_entry_diamond
D:10:     zombieorc2_lemuel, serial_shops, nicolae_shop_statue_plus,
          minmay_unpleasant_kobolds, uniq_grum, uniq_snorg
D:11:     enter_bailey_2
D:12:     uniq_psyche
D:13:     st_stairs_5
D:14:     lemuel_bear_cage, ximxim_vaults_locker_room, minivault_26,
          special_room
D:15:     gammafunk_enter_depths_forms, nemelex_xobeh_ov_fountains_minmay,
          uniq_azrael, uniq_roxanne
Temple:   nicolae_temple_the_god_donut
Lair:1:   infiniplex_staircase_pool_2
Lair:2:   cheibrodos_lair_river_kwai, patterned_corridor, lemuel_fruit_tree
Lair:3:   ebering_ghost_rock_garden, basic_altar, infiniplex_staircase_pool
Lair:4:   swamp_mist_pool, nicolae_spider_entry_orb_guardian,
          lightli_volcano_entry_magma_tube
Lair:5:   nicolae_slime_entry_slimehenge, kennysheep_abandoned_house,
          grunt_megastairs_1, uniq_rupert
Lair:6:   hangedman_lair_tendril_chambers, st_stairs_11, minivault_19
Swamp:1:  ebering_ghost_funeral_grove, evilmike_swamp_ruin_rubble_2,
          uniq_frances, uniq_louise
Swamp:2:  hangedman_swamp_ruin_wall
Swamp:3:  serial_swamp_ruin, evilmike_swamp_ruin_rubble_1,
          evilmike_swamp_ruin_house_2
Swamp:4:  swamp_old_school, swamp_pool2
Spider:2: worms_lemuel
Spider:3: uniq_arachne
Spider:4: grunt_spider_rune_circles
Orc:1:    ebering_ghost_xom
Orc:2:    pf_orc_diabolical, portal_ice_cave_entry_pillars_1
Elf:1:    elf_arrival_001, gammafunk_ghost_fury_of_okawaru,
          kennysheep_underground_church
Elf:2:    uniq_agnes
Elf:3:    minmay_elf_hall_curves
Vaults:1: v_misc_19, hangedman_vaults_stitches, v_misc_9, v_misc_27, basic_altar
Vaults:2: v_misc_12, st_squares, v_rooms_4, grunt_vaults_hallway_short,
          grunt_vaults_funnel, ontoclasm_vaults_loading_screen, v_misc_14,
          hangedman_vaults_impose, v_alt_pattern_3, vaults_room_stairs_pillars,
          v_misc_15, vaults_mumra_minichess, nicolae_vaults_border_crossing,
          v_misc_18, nicolae_vaults_rhombus_6, nicolae_vaults_specimen_jars
Vaults:3: hangedman_vaults_maws, ontoclasm_vaults_fault, v_alt_pattern_5,
          nicolae_vaults_asterisk, v_misc_2, dpeg_vaults_monster_row,
          nicolae_vaults_network_star, minmay_crypt_entry_necro_gods,
          hangedman_vaults_stretched_pinwheel, v_misc_2, st_spiral_rooms,
          ontoclasm_vaults_ring_small, ontoclasm_vaults_shuriken
Vaults:4: nicolae_vaults_little_squares_6, hangedman_vaults_nails,
          nicolae_vaults_network_quinsquares, v_rooms_1,
          vaults_dpeg_encased_lava, grunt_vaults_hallway_short, uniq_frederick
Vaults:5: serial_shops
Crypt:1:  uniq_donald
Crypt:2:  grunt_megastairs_3, uniq_margery, uniq_xtahua
Crypt:3:  quadcrypt_mu, uniq_mara, uniq_bai_suzhen
Depths:1: grunt_mini_vestibule, hangedman_abyss_or_decor_slice, tgw_lugonu_bribe
Depths:2: minmay_the_grid_3x2, abyss_entry_flame_altar,
          chequers_serial_rivers_room_a, grunt_hell_entry_dis_grunt, hex_tiny,
          grunt_ministairs_9, kennysheep_minor_cross
Depths:3: minmay_spriggan_fort, grunt_decor_arrowhead, rand_demon_pan_entry_9,
          hell_entry, uniq_nikola, uniq_boris
Depths:4: nooodl_heptagram, serial_shops, bzr_in_the_mist,
          hangedman_abyss_entry_splay, hell_entry, serial_co_window_serial,
          co_window_of_opportunity_a, co_window_paths_b, co_window_corner_a,
          co_window_corner_a, co_window_paths_a, glass_columns_b,
          glass_columns_a, glass_columns_c, hangedman_feature_mirror,
          hangedman_abyss_or_decor_stabs
Depths:5: grunt_zot_entry_hairpin, enter_ziggurat_d,
          ebering_ghost_reflecting_pool, minmay_misc_feat_chi, serial_sigils,
          serial_sigils_hangedman_shear, serial_sigils_hangedman_scratch,
          serial_sigils_hangedman_leer, serial_sigils_hangedman_gnaw, hell_entry
Dis:1:    hangedman_dis_decor_blocks_mantle, door_vault
Dis:3:    grunt_dis_stairs_iron_hall
Dis:5:    nicolae_dis_hell_towers
Dis:6:    lightli_tower_of_babel, nicolae_dis_lava_storage_tank
Dis:7:    dis_hangedman
Geh:2:    nicolae_geh_single_fiery_grave
Geh:7:    geh_grunt_pentagon
Coc:5:    lemuel_elevator
Coc:7:    coc_mu
Tar:4:    nicolae_tar_cuneiform_water
Tar:7:    tar_old
Zot:1:    grunt_ministairs_13, hangedman_zot_decor_tridents,
          hangedman_zot_decor_unnerving_road
Abyss:1:  minivault_4, evilmike_abyss_exit_kraken
Abyss:2:  hangedman_decor_lopped, due_exit_kobolds, hangedman_abyss_exit_choices
Abyss:3:  hangedman_stitches_earthworm
Abyss:4:  minivault_19, minivault_25_ag, evilmike_abyss_rune_elephants_shrine,
          evilmike_abyss_exit_glass, abyss_exit_lava, hangedman_summoners_spam,
          evilmike_abyss_rune_ettins, hangedman_abyss_feature_spike
Abyss:5:  evilmike_abyss_exit_8, bh_abyss_negative,
          hangedman_abyss_rune_macabre_mess
Pan:      nicolae_pan_door_chamber, nicolae_pan_lom_lobonic_4,
          regret_index_pan_draining_boxed, rand_demon_2,
          pan_blood_fountain_small, nicolae_pan_mnolegish_5,
          reaverb_pan_figure_eight
IceCv:    ice_cave_statue_garden_transporter
Volcano:  volcano_tomb

Skill      XL: |  1  2  3  4  5  6  7  8  9 10 11 12 13 14 15 16 17 18 19 20 21 22 23 24 25 26 27 |
---------------+----------------------------------------------------------------------------------+-----
Spellcasting   | 5 6 7 8 9 10 11 12 13 14 15 16 17 24 | 24.3
Invocations    | 1 2 3 4 5 6 7 8 9 10 11 12 13 14 15 16 17 18 25 | 25.7
Short Blades   | 1 2 3 4 5 6 7 8 9 10 11 12 13 14 15 16 17 24 | 24.0
Long Blades    | 1 2 3 4 5 6 7 8 9 10 11 12 13 14 15 16 17 24 | 24.0
Axes           | 1 2 3 4 5 6 7 8 9 10 11 12 13 14 15 16 17 24 | 24.0
Maces & Flails | 1 2 3 4 5 6 7 8 9 10 11 12 13 14 15 16 17 24 | 24.0
Staves         | 1 2 3 4 5 6 7 8 9 10 11 12 13 14 15 16 17 24 | 24.0
Slings         | 1 2 3 4 5 6 7 8 9 10 11 12 13 14 15 16 17 24 | 24.0
Bows           | 1 2 3 4 5 6 7 8 9 10 11 12 13 14 15 16 17 24 | 24.0
Crossbows      | 1 2 3 4 5 6 7 8 9 10 11 12 13 14 15 16 17 24 | 24.0
Throwing       | 1 2 3 4 5 6 7 8 9 10 11 12 13 14 15 16 17 24 | 24.0
Stealth        | 1 2 3 4 5 6 7 8 9 10 11 12 13 14 15 16 17 24 | 24.0
Shields        | 1 2 3 4 5 6 7 8 9 10 11 12 13 14 15 16 17 24 | 24.0
Unarmed Combat | 1 2 3 4 5 6 7 8 9 10 11 12 13 14 15 16 17 24 | 24.0
Evocations     | 1 2 3 4 5 6 7 8 9 10 11 12 13 14 15 16 17 24 | 24.0
Conjurations   | 1 2 3 4 5 6 7 8 9 10 11 12 13 14 20 | 20.9
Hexes          | 1 2 3 4 5 6 7 8 9 10 11 12 13 14 20 | 20.9
Summonings     | 1 2 3 4 5 6 7 8 9 10 11 12 13 14 20 | 20.9
Necromancy     | 1 2 3 4 5 6 7 8 9 10 11 12 13 14 20 | 20.9
Translocations | 1 2 3 4 5 6 7 8 9 10 11 12 13 14 20 | 20.9
Transmutations | 1 2 3 4 5 6 7 8 9 10 11 12 13 14 20 | 20.9
Fire Magic     | 1 2 3 4 5 6 7 8 9 10 11 12 13 14 20 | 20.9
Ice Magic      | 1 2 3 4 5 6 7 8 9 10 11 12 13 14 20 | 20.9
Air Magic      | 1 2 3 4 5 6 7 8 9 10 11 12 13 14 20 | 20.9
Earth Magic    | 1 2 3 4 5 6 7 8 9 10 11 12 13 14 20 | 20.9
Poison Magic   | 1 2 3 4 5 6 7 8 9 10 11 12 13 14 20 | 20.9
Armour         | 3 4 5 6 7 8 9 10 11 12 13 14 15 16 17 24 | 24.1
Fighting       | 5 6 7 8 9 10 11 12 13 14 15 16 17 24 | 24.3
Polearms       | 5 6 7 8 9 10 11 12 13 14 15 16 17 24 | 24.3
Dodging        | 5 6 7 8 9 10 11 12 13 14 15 16 17 24 | 24.3
Charms         | 6 7 8 9 10 11 12 13 14 15 21 | 21.4

Action                   |  1- 3 |  4- 6 |  7- 9 | 10-12 | 13-15 | 16-18 | 19-21 | 22-24 | 25-27 || total
-------------------------+-------+-------+-------+-------+-------+-------+-------+-------+-------++-------
Melee: Spear             |   127 |   153 |   410 |   312 |       |       |       |       |       ||  1002
       Bite              |     8 |     8 |    42 |    49 |    99 |   174 |   172 |   159 |  1435 ||  2146
       Punch             |       |       |     7 |    19 |       |       |       |       |       ||    26
       Demon trident     |       |       |       |   271 |  1004 |  1338 |  1081 |  1190 |  1520 ||  6404
       Trident           |       |       |       |       |    19 |       |       |       |       ||    19
       War axe           |       |       |       |       |       |    15 |       |       |       ||    15
       Trishula          |       |       |       |       |       |       |       |       |  8922 ||  8922
       Battleaxe         |       |       |       |       |       |       |       |       |   524 ||   524
       Eudemon blade     |       |       |       |       |       |       |       |       |    27 ||    27
 Fire: Hunting sling     |       |       |       |       |       |       |    18 |       |       ||    18
Throw: Javelin           |     3 |     6 |       |     7 |     2 |    25 |       |     1 |    13 ||    57
 Cast: Infusion          |       |     9 |    21 |    22 |    24 |    19 |    13 |    17 |    24 ||   149
       Song of Slaying   |       |     5 |    10 |    12 |    27 |    47 |    42 |    32 |   185 ||   360
       Spectral Weapon   |       |     7 |    31 |    55 |    71 |    78 |    66 |    69 |   263 ||   640
       Conjure Flame     |       |       |       |     1 |       |       |       |       |       ||     1
       Tukima's Dance    |       |       |       |     6 |       |       |     1 |       |       ||     7
       Olgreb's Toxic Ra |       |       |       |       |       |       |    21 |     2 |     7 ||    30
       Regeneration      |       |       |       |       |       |       |       |     5 |     9 ||    14
       Bolt of Fire      |       |       |       |       |       |       |       |       |     5 ||     5
       Deflect Missiles  |       |       |       |       |       |       |       |       |    17 ||    17
       Summon Mana Viper |       |       |       |       |       |       |       |       |    17 ||    17
       Aura of Abjuratio |       |       |       |       |       |       |       |       |     5 ||     5
       Silence           |       |       |       |       |       |       |       |       |     1 ||     1
Invok: Heroism           |       |       |       |    14 |    19 |    29 |    11 |    11 |    16 ||   100
       Finesse           |       |       |       |     2 |     9 |     8 |     2 |     5 |     7 ||    33
       Cleansing Flame   |       |       |       |       |       |       |       |       |   100 ||   100
       Divine Shield     |       |       |       |       |       |       |       |       |    19 ||    19
       Summon Divine War |       |       |       |       |       |       |       |       |    15 ||    15
       Brand Weapon With |       |       |       |       |       |       |       |       |     1 ||     1
 Abil: Evoke Flight      |       |       |       |       |       |     8 |     1 |       |    24 ||    33
Evoke: Wand              |       |       |       |     6 |       |     6 |     8 |    13 |    26 ||    59
       Lamp of fire      |       |       |       |       |       |       |       |     1 |     1 ||     2
       Box of beasts     |       |       |       |       |       |       |       |       |     2 ||     2
       Sack of spiders   |       |       |       |       |       |       |       |       |     1 ||     1
  Use: Scroll            |       |       |     2 |     9 |    13 |    14 |     3 |    14 |    58 ||   113
       Potion            |       |       |     2 |     2 |       |     4 |     3 |     8 |    32 ||    51
 Stab: Sleeping          |     1 |     1 |     4 |     9 |     3 |       |     2 |     5 |     2 ||    27
       Distracted        |       |       |     4 |    10 |    10 |    11 |    12 |    20 |    25 ||    92
       Petrified         |       |       |       |       |     4 |       |       |       |       ||     4
       Paralysed         |       |       |       |       |       |     2 |       |       |       ||     2
       Held in net/web   |       |       |       |       |       |     1 |       |       |       ||     1
       Petrifying        |       |       |       |       |       |       |       |     1 |       ||     1
  Eat: Chunk             |     2 |     6 |     8 |    18 |    28 |    10 |    16 |    20 |    48 ||   156
       Ration            |       |     1 |     3 |     1 |     1 |     8 |     4 |     4 |    43 ||    65
Armor: Leather armour    |     4 |       |       |       |       |       |       |       |       ||     4
       Ring mail         |    15 |    26 |    54 |    55 |    19 |       |       |       |       ||   169
       Skin              |       |       |     5 |       |       |       |       |       |       ||     5
       Chain mail        |       |       |       |       |   212 |    67 |       |       |       ||   279
       Plate armour      |       |       |       |       |       |   189 |   148 |   174 |   288 ||   799
       Gold dragon scale |       |       |       |       |       |       |       |       |  2397 ||  2397
Dodge: Dodged            |    47 |    69 |   164 |   417 |   534 |   653 |   398 |   363 |  3363 ||  6008
       Deflected         |       |       |       |       |    15 |    15 |    38 |    50 |   151 ||   269
Block: Shield            |       |       |       |     8 |   546 |   721 |   454 |   459 |  6471 ||  8659
       Reflection        |       |       |       |       |       |       |       |       |   103 ||   103
       Other             |       |       |       |       |       |       |       |       |    16 ||    16

Table legend:
 A = Non-vault XP
 B = Vault XP
 C = Vault XP percentage of total XP
 D = Non-vault monster count
 E = Vault monster count
 F = Vault count percentage of total count
                 A         B        C        D         E       F
            +---------+---------+-------+---------+---------+-------
      Total | 2672048 | 1194210 |  30.9 |    4655 |    1414 |  23.3
            +---------+---------+-------+---------+---------+-------
        D:1 |      30 |       0 |   0.0 |      17 |       0 |   0.0
        D:2 |      45 |       8 |  15.1 |      18 |       5 |  21.7
        D:3 |     278 |       0 |   0.0 |      23 |       0 |   0.0
        D:4 |     466 |     171 |  26.8 |      20 |       1 |   4.8
        D:5 |     925 |     593 |  39.1 |      27 |       1 |   3.6
        D:6 |    1018 |       0 |   0.0 |      18 |       0 |   0.0
        D:7 |     725 |    1018 |  58.4 |      14 |       1 |   6.7
        D:8 |     927 |     843 |  47.6 |      22 |       3 |  12.0
        D:9 |    3623 |    1047 |  22.4 |      24 |      10 |  29.4
       D:10 |    3417 |    2997 |  46.7 |      33 |      48 |  59.3
       D:11 |    3994 |       0 |   0.0 |      31 |       0 |   0.0
       D:12 |    8216 |     418 |   4.8 |      50 |       1 |   2.0
       D:13 |    2948 |     157 |   5.1 |      22 |       2 |   8.3
       D:14 |    8372 |   12243 |  59.4 |      29 |      60 |  67.4
       D:15 |   18477 |    4072 |  18.1 |      40 |       9 |  18.4
     Lair:1 |    4462 |       0 |   0.0 |      19 |       0 |   0.0
     Lair:2 |    4091 |    2124 |  34.2 |      18 |       6 |  25.0
     Lair:3 |    5777 |    1020 |  15.0 |      23 |       1 |   4.2
     Lair:4 |    6113 |     547 |   8.2 |      24 |       1 |   4.0
     Lair:5 |    3200 |    2286 |  41.7 |      14 |      20 |  58.8
     Lair:6 |    5297 |   11042 |  67.6 |      23 |      39 |  62.9
    Swamp:1 |   12621 |    7048 |  35.8 |      35 |       7 |  16.7
    Swamp:2 |    7086 |       0 |   0.0 |      16 |       0 |   0.0
    Swamp:3 |   19609 |       0 |   0.0 |      40 |       0 |   0.0
    Swamp:4 |   14876 |   20025 |  57.4 |      32 |      26 |  44.8
   Spider:1 |   14262 |       0 |   0.0 |      37 |       0 |   0.0
   Spider:2 |    2235 |    5412 |  70.8 |       7 |      18 |  72.0
   Spider:3 |   22103 |    3551 |  13.8 |      58 |       1 |   1.7
   Spider:4 |   16635 |   23235 |  58.3 |      36 |      44 |  55.0
    Slime:1 |    4092 |       0 |   0.0 |       8 |       0 |   0.0
    Slime:2 |   18952 |       0 |   0.0 |      22 |       0 |   0.0
    Slime:3 |   17341 |       0 |   0.0 |      23 |       0 |   0.0
    Slime:4 |   25926 |       0 |   0.0 |      36 |       0 |   0.0
    Slime:5 |   16718 |   35440 |  67.9 |      31 |      17 |  35.4
      Orc:1 |    4764 |       0 |   0.0 |      48 |       0 |   0.0
      Orc:2 |    3459 |   17385 |  83.4 |      42 |      71 |  62.8
      Elf:1 |   11510 |   17253 |  60.0 |      20 |      19 |  48.7
      Elf:2 |   15483 |   27306 |  63.8 |      27 |      31 |  53.4
      Elf:3 |    7346 |   37684 |  83.7 |      13 |      27 |  67.5
   Vaults:1 |   38296 |   12401 |  24.5 |      59 |      26 |  30.6
   Vaults:2 |   37260 |   34089 |  47.8 |      67 |      37 |  35.6
   Vaults:3 |   27609 |   46858 |  62.9 |      50 |      57 |  53.3
   Vaults:4 |   42844 |   27466 |  39.1 |      73 |      30 |  29.1
   Vaults:5 |   49782 |  109174 |  68.7 |      57 |      83 |  59.3
    Crypt:1 |   22355 |    2154 |   8.8 |      34 |       1 |   2.9
    Crypt:2 |   25725 |   16435 |  39.0 |      36 |      11 |  23.4
    Crypt:3 |       0 |   81670 | 100.0 |       0 |      82 | 100.0
   Depths:1 |   39989 |    3193 |   7.4 |      61 |       5 |   7.6
   Depths:2 |   19148 |   33515 |  63.6 |      21 |      30 |  58.8
   Depths:3 |   49415 |   26400 |  34.8 |      69 |      34 |  33.0
   Depths:4 |   24374 |   65257 |  72.8 |      31 |      50 |  61.7
   Depths:5 |   47850 |   24546 |  33.9 |      42 |      20 |  32.3
       Hell |   27716 |   39137 |  58.5 |      38 |      51 |  57.3
      Dis:1 |   43395 |   20359 |  31.9 |      85 |      14 |  14.1
      Dis:2 |   47220 |       0 |   0.0 |      89 |       0 |   0.0
      Dis:3 |   77296 |   12469 |  13.9 |     132 |      39 |  22.8
      Dis:4 |   27435 |       0 |   0.0 |      78 |       0 |   0.0
      Dis:5 |   15495 |    8046 |  34.2 |      29 |      10 |  25.6
      Dis:6 |   37556 |       0 |   0.0 |      59 |       0 |   0.0
      Dis:7 |   36639 |  141295 |  79.4 |      32 |     113 |  77.9
      Geh:1 |   25241 |       0 |   0.0 |      64 |       0 |   0.0
      Geh:2 |   26594 |       0 |   0.0 |      55 |       0 |   0.0
      Geh:3 |   13171 |       0 |   0.0 |      35 |       0 |   0.0
      Geh:4 |   40783 |       0 |   0.0 |      87 |       0 |   0.0
      Geh:5 |   93184 |       0 |   0.0 |     142 |       0 |   0.0
      Geh:6 |   51845 |       0 |   0.0 |      86 |       0 |   0.0
      Geh:7 |   75615 |   52686 |  41.1 |     111 |      40 |  26.5
      Coc:1 |   55681 |       0 |   0.0 |      81 |       0 |   0.0
      Coc:2 |   27042 |       0 |   0.0 |      62 |       0 |   0.0
      Coc:3 |   44883 |       0 |   0.0 |      91 |       0 |   0.0
      Coc:4 |   26077 |       0 |   0.0 |      64 |       0 |   0.0
      Coc:5 |    3797 |       0 |   0.0 |       6 |       0 |   0.0
      Coc:6 |   75570 |       0 |   0.0 |     102 |       0 |   0.0
      Coc:7 |  119586 |   81141 |  40.4 |     139 |      94 |  40.3
      Tar:1 |   70637 |       0 |   0.0 |     112 |       0 |   0.0
      Tar:2 |   70871 |       0 |   0.0 |      97 |       0 |   0.0
      Tar:3 |   53355 |       0 |   0.0 |      71 |       0 |   0.0
      Tar:4 |   90051 |       0 |   0.0 |     110 |       0 |   0.0
      Tar:5 |   66473 |       0 |   0.0 |      88 |       0 |   0.0
      Tar:6 |   78953 |       0 |   0.0 |      78 |       0 |   0.0
      Tar:7 |   54884 |   75990 |  58.1 |      76 |      42 |  35.6
      Zot:1 |   74415 |    2407 |   3.1 |      54 |       2 |   3.6
      Zot:2 |   13867 |       0 |   0.0 |       6 |       0 |   0.0
    Abyss:1 |   52170 |       0 |   0.0 |      90 |       0 |   0.0
    Abyss:2 |   42998 |     779 |   1.8 |      95 |       8 |   7.8
    Abyss:3 |   30141 |       0 |   0.0 |      81 |       0 |   0.0
    Abyss:4 |   34104 |    9998 |  22.7 |      66 |      12 |  15.4
    Abyss:5 |  156731 |   14275 |   8.3 |     280 |      17 |   5.7
        Pan |   48511 |   11058 |  18.6 |      44 |      14 |  24.1
      IceCv |       0 |    2279 | 100.0 |       0 |      10 | 100.0
    Volcano |       0 |    4208 | 100.0 |       0 |      13 | 100.0
            +---------+---------+-------+---------+---------+-------
